Workbook
Name _: #REF!
Name __FDS_UNIQUE_RANGE_ID_GENERATOR_COUNTER: 50
Name __FDS_USED_FOR_REUSING_RANGE_IDS_RECYCLE: {22,8,23,4,14,18,17,43,48,47,45,46,1,51,50,49}
Name __FDS_USED_FOR_REUSING_RANGE_IDS_RECYCLE: {22,8,23,4,14,18,17,43,48,47,45,46,1,51,50,49}
Name __FDS_USED_FOR_REUSING_RANGE_IDS_RECYCLE: {22,8,23,4,14,18,17,43,48,47,45,46,1,51,50,49}
Name __FDS_USED_FOR_REUSING_RANGE_IDS_RECYCLE: {22,8,23,4,14,18,17,43,48,47,45,46,1,51,50,49}
Name __FDS_USED_FOR_REUSING_RANGE_IDS_RECYCLE: {22,8,23,4,14,18,17,43,48,47,45,46,1,51,50,49}
Name __FDS_USED_FOR_REUSING_RANGE_IDS_RECYCLE: {22,8,23,4,14,18,17,43,48,47,45,46,1,51,50,49}
Name __FDS_USED_FOR_REUSING_RANGE_IDS_RECYCLE: {22,8,23,4,14,18,17,43,48,47,45,46,1,51,50,49}
Name __FDS_USED_FOR_REUSING_RANGE_IDS_RECYCLE: {22,8,23,4,14,18,17,43,48,47,45,46,1,51,50,49}
Name __FDS_USED_FOR_REUSING_RANGE_IDS_RECYCLE: {22,8,23,4,14,18,17,43,48,47,45,46,1,51,50,49}
Name __FDS_USED_FOR_REUSING_RANGE_IDS_RECYCLE_1: {22,8,23,4,14,18,17,43,48,47,45,46,1,51,50,49}
Name __FDS_USED_FOR_REUSING_RANGE_IDS_RECYCLE_1: {22,8,23,4,14,18,17,43,48,47,45,46,1,51,50,49}
Name _1: #REF!
Name _1_0EBITDA_Sh: [3]NOPAT_VDF!#REF!
Name _10_3_0Other_Segment_Reven: [3]NOPAT_VDF!#REF!
Name _1007: #REF!
Name _10071: #REF!
Name _1007a: #REF!
Name _1009: #REF!
Name _1015: '[4]RMA Feb'!#REF!
Name _1017: '[4]RMA Feb'!#REF!
Name _1031: #REF!
Name _1033: #REF!
Name _1040: #REF!
Name _1042: #REF!
Name _1043: #REF!
Name _1045: #REF!
Name _1051: '[4]RMA Feb'!#REF!
Name _1053: '[4]RMA Feb'!#REF!
Name _1067: '[4]All MRB Feb'!#REF!
Name _1069: '[4]All MRB Feb'!#REF!
Name _1073: #REF!
Name _1075: '[4]All MRB Mar'!$I$37
Name _1079: #REF!
Name _1081: #REF!
Name _1087: '[4]RMA Feb'!#REF!
Name _1089: '[4]RMA Feb'!#REF!
Name _1103: '[4]All MRB Feb'!#REF!
Name _1105: '[4]All MRB Feb'!#REF!
Name _1123: '[4]RMA Feb'!#REF!
Name _1125: '[4]RMA Feb'!#REF!
Name _1129: #REF!
Name _1131: #REF!
Name _1139: #REF!
Name _1141: #REF!
Name _115: #REF!
Name _1159: '[4]RMA Feb'!#REF!
Name _1161: '[4]RMA Feb'!#REF!
Name _117: #REF!
Name _1175: '[4]All MRB Feb'!#REF!
Name _1177: '[4]All MRB Feb'!#REF!
Name _1179: #REF!
Name _1181: #REF!
Name _1195: '[4]RMA Feb'!#REF!
Name _1197: '[4]RMA Feb'!#REF!
Name _1211: '[4]All MRB Feb'!#REF!
Name _1213: '[4]All MRB Feb'!#REF!
Name _1217: #REF!
Name _1219: #REF!

Sheet Cover
C46: Version: 10.15.2025

Sheet Control
B2: Control
B4: Circuit Switch | C4: Off | E4: Enterprise Value | H4: Fully Diluted Shares
B5: Operating Case | C5: Management | H5: MM
B6: Valuation Date | C6: 45882 | E6: Current Share Price | F6: 181.59
E7: Fully Diluted Shares Outstanding | F7: =I10 -> 24677 | H7: Basic Shares Outstanding | I7: 24400
B8: 10:1 stock-split effective 6/6/2024 | E8: Equity Value | F8: =F6*F7 -> 4481096.4 | H8: Plus: RSUs and PSUs | I8: 277
E9: Debt | F9: 8500 | H9: Plus: Other | I9: 0
E10: Cash | F10: =-15234-38457 -> -53691 | H10: Fully Diluted Shares | I10: =SUM(I7:I9) -> 24677
E11: Other | F11: -3240
E12: Enterprise Value | F12: =SUM(F8:F11) -> 4432665.4
E14: Implied Multiples
E16: FY 2026E Revenue | F16: =IF($C$5="Street",'Operating Model'!$F$17,Control!F16) -> 203602
E17: FY 2026E EBITDA | F17: ='Operating Model'!F37 -> 124574.55
E18: FY 2026E Net Income | F18: ='Operating Model'!F49 -> 103464.97
E20: EV / 2025E Revenue | F20: =F12/F16 -> 21.771227
E21: EV / 2025E EBITDA | F21: =F12/F17 -> 35.582432
E22: Price / 2025E Earnings | F22: =F8/F18 -> 43.310275

Sheet Operating Model
B2: Nvidia Operating Model
B4: Income Statement | C4: Fiscal Year Ending January
B5: $MM, unless otherwise noted | C5: 44955 | D5: 45319 | E5: 45683 | F5: 46052 | G5: 46417 | H5: 46782 | I5: 47148 | J5: 47513
B7: Data Center Revenue | C7: 15005 | D7: 47525 | E7: 115186 | F7: =E7*(1+F8) -> 182241.09 | G7: =F7*(1+G8) -> 255137.52 | H7: =G7*(1+H8) -> 357192.53 | I7: =H7*(1+I8) -> 464350.29 | J7: =I7*(1+J8) -> 557220.34
B8: % growth | D8: =D7/C7-1 -> 2.1672776 | E8: =E7/D7-1 -> 1.4236928 | F8: =Drivers!F7 -> 0.58214614 | G8: =Drivers!G7 -> 0.4 | H8: =Drivers!H7 -> 0.4 | I8: =Drivers!I7 -> 0.3 | J8: =Drivers!J7 -> 0.2
B9: Gaming Revenue | C9: 9067 | D9: 10447 | E9: 11350 | F9: =E9*(1+F10) -> 16188.494 | G9: =F9*(1+G10) -> 18713.899 | H9: =G9*(1+H10) -> 21053.136 | I9: =H9*(1+I10) -> 23579.513 | J9: =I9*(1+J10) -> 26409.054
B10: % growth | D10: =D9/C9-1 -> 0.15220029 | E10: =E9/D9-1 -> 0.086436298 | F10: =Drivers!F15 -> 0.42629903 | G10: =Drivers!G15 -> 0.156 | H10: =Drivers!H15 -> 0.125 | I10: =Drivers!I15 -> 0.12 | J10: =Drivers!J15 -> 0.12
B11: Professional Visualization Revenue | C11: 1544 | D11: 1553 | E11: 1878 | F11: =E11*(1+F12) -> 2248.6348 | G11: =F11*(1+G12) -> 2639.8972 | H11: =G11*(1+H12) -> 2917.0864 | I11: =H11*(1+I12) -> 3150.4533 | J11: =I11*(1+J12) -> 3402.4896
B12: % growth | D12: =D11/C11-1 -> 0.0058290155 | E12: =E11/D11-1 -> 0.20927238 | F12: =Drivers!F23 -> 0.1973561 | G12: =Drivers!G23 -> 0.174 | H12: =Drivers!H23 -> 0.105 | I12: =Drivers!I23 -> 0.08 | J12: =Drivers!J23 -> 0.08
B13: Automotive Revenue | C13: 903 | D13: 1091 | E13: 1694 | F13: =E13*(1+F14) -> 2444.8405 | G13: =F13*(1+G14) -> 3545.0188 | H13: =G13*(1+H14) -> 5140.2772 | I13: =H13*(1+I14) -> 7196.3881 | J13: =I13*(1+J14) -> 9715.1239
B14: % growth | D14: =D13/C13-1 -> 0.20819491 | E14: =E13/D13-1 -> 0.55270394 | F14: =Drivers!F31 -> 0.44323526 | G14: =Drivers!G31 -> 0.45 | H14: =Drivers!H31 -> 0.45 | I14: =Drivers!I31 -> 0.4 | J14: =Drivers!J31 -> 0.35
B15: OEM and Other Revenue | C15: 455 | D15: 306 | E15: 389 | F15: =E15*(1+F16) -> 478.99342 | G15: =F15*(1+G16) -> 582.45599 | H15: =G15*(1+H16) -> 691.37526 | I15: =H15*(1+I16) -> 795.08155 | J15: =I15*(1+J16) -> 874.58971
B16: % growth | D16: =D15/C15-1 -> -0.32747253 | E16: =E15/D15-1 -> 0.27124183 | F16: =Drivers!F39 -> 0.23134554 | G16: =Drivers!G39 -> 0.216 | H16: =Drivers!H39 -> 0.187 | I16: =Drivers!I39 -> 0.15 | J16: =Drivers!J39 -> 0.1
B17: Total Revenue | C17: =C7+C9+C11+C13+C15 -> 26974 | D17: =D7+D9+D11+D13+D15 -> 60922 | E17: =E7+E9+E11+E13+E15 -> 130497 | F17: =F7+F9+F11+F13+F15 -> 203602.05 | G17: =G7+G9+G11+G13+G15 -> 280618.79 | H17: =H7+H9+H11+H13+H15 -> 386994.4 | I17: =I7+I9+I11+I13+I15 -> 499071.72 | J17: =J7+J9+J11+J13+J15 -> 597621.6
B18: % growth | D18: =D17/C17-1 -> 1.2585453 | E18: =E17/D17-1 -> 1.1420341 | F18: =F17/E17-1 -> 0.56020482 | G18: =G17/F17-1 -> 0.37827096 | H18: =H17/G17-1 -> 0.37907516 | I18: =I17/H17-1 -> 0.28960966 | J18: =J17/I17-1 -> 0.19746637
B20: Cost of Revenue | C20: -11618 | D20: -16621 | E20: -32639 | F20: =F$17*F21 -> -59672.589 | G20: =G$17*G21 -> -73241.504 | H20: =H$17*H21 -> -98683.573 | I20: =I$17*I21 -> -124767.93 | J20: =J$17*J21 -> -146417.29
B21: % margin | C21: =C20/C$17 -> -0.43071106 | D21: =D20/D$17 -> -0.27282427 | E21: =E20/E$17 -> -0.25011303 | F21: =Drivers!F47 -> -0.29308443 | G21: =Drivers!G47 -> -0.261 | H21: =Drivers!H47 -> -0.255 | I21: =Drivers!I47 -> -0.25 | J21: =Drivers!J47 -> -0.245
B22: Gross Profit | C22: =C17+C20 -> 15356 | D22: =D17+D20 -> 44301 | E22: =E17+E20 -> 97858 | F22: =F17+F20 -> 143929.46 | G22: =G17+G20 -> 207377.29 | H22: =H17+H20 -> 288310.83 | I22: =I17+I20 -> 374303.79 | J22: =J17+J20 -> 451204.31
B23: % margin | C23: =C22/C$17 -> 0.56928894 | D23: =D22/D$17 -> 0.72717573 | E23: =E22/E$17 -> 0.74988697 | F23: =F22/F$17 -> 0.70691557 | G23: =G22/G$17 -> 0.739 | H23: =H22/H$17 -> 0.745 | I23: =I22/I$17 -> 0.75 | J23: =J22/J$17 -> 0.755
B25: Research and Development Costs | C25: -7339 | D25: -8675 | E25: -12914 | F25: =F$17*F26 -> -17511.71 | G25: =G$17*G26 -> -19643.315 | H25: =H$17*H26 -> -27089.608 | I25: =I$17*I26 -> -34935.021 | J25: =J$17*J26 -> -41833.512
B26: % margin | C26: =C25/C$17 -> -0.27207681 | D26: =D25/D$17 -> -0.14239519 | E26: =E25/E$17 -> -0.098960129 | F26: =Drivers!F55 -> -0.086009498 | G26: =Drivers!G55 -> -0.07 | H26: =Drivers!H55 -> -0.07 | I26: =Drivers!I55 -> -0.07 | J26: =Drivers!J55 -> -0.07
B27: Sales, General and Administrative Costs | C27: -2440 | D27: -2654 | E27: -3491 | F27: =F$17*F28 -> -4317.2 | G27: =G$17*G28 -> -4489.9007 | H27: =H$17*H28 -> -5417.9216 | I27: =I$17*I28 -> -6487.9324 | J27: =J$17*J28 -> -7171.4592
B28: % margin | C28: =C27/C$17 -> -0.090457478 | D28: =D27/D$17 -> -0.043563901 | E28: =E27/E$17 -> -0.026751573 | F28: =Drivers!F63 -> -0.021204109 | G28: =Drivers!G63 -> -0.016 | H28: =Drivers!H63 -> -0.014 | I28: =Drivers!I63 -> -0.013 | J28: =Drivers!J63 -> -0.012
B29: Acquisition Termination Costs | C29: -1353 | D29: 0 | E29: 0 | F29: =F$17*F30 -> 0 | G29: =G$17*G30 -> 0 | H29: =H$17*H30 -> 0 | I29: =I$17*I30 -> 0 | J29: =J$17*J30 -> 0
B30: % margin | C30: =C29/C$17 -> -0.050159413 | D30: =D29/D$17 -> 0 | E30: =E29/E$17 -> 0 | F30: 0 | G30: 0 | H30: 0 | I30: 0 | J30: 0
B31: Operating Expenses | C31: =C25+C27+C29 -> -11132 | D31: =D25+D27+D29 -> -11329 | E31: =E25+E27+E29 -> -16405 | F31: =F25+F27+F29 -> -21828.91 | G31: =G25+G27+G29 -> -24133.216 | H31: =H25+H27+H29 -> -32507.53 | I31: =I25+I27+I29 -> -41422.953 | J31: =J25+J27+J29 -> -49004.971
B32: % margin | C32: =C31/C$17 -> -0.41269371 | D32: =D31/D$17 -> -0.1859591 | E32: =E31/E$17 -> -0.1257117 | F32: =F31/F$17 -> -0.10721361 | G32: =G31/G$17 -> -0.086 | H32: =H31/H$17 -> -0.084 | I32: =I31/I$17 -> -0.083 | J32: =J31/J$17 -> -0.082
B34: Operating Income (EBIT) | C34: =C22+C31 -> 4224 | D34: =D22+D31 -> 32972 | E34: =E22+E31 -> 81453 | F34: =F22+F31 -> 122100.55 | G34: =G22+G31 -> 183244.07 | H34: =H22+H31 -> 255803.3 | I34: =I22+I31 -> 332880.84 | J34: =J22+J31 -> 402199.34
B35: % margin | C35: =C34/C$17 -> 0.15659524 | D35: =D34/D$17 -> 0.54121664 | E35: =E34/E$17 -> 0.62417527 | F35: =F34/F$17 -> 0.59970197 | G35: =G34/G$17 -> 0.653 | H35: =H34/H$17 -> 0.661 | I35: =I34/I$17 -> 0.667 | J35: =J34/J$17 -> 0.673
B37: EBITDA | C37: =C34+C64 -> 5768 | D37: =D34+D64 -> 34480 | E37: =E34+E64 -> 83317 | F37: =F34+F64 -> 124574.55 | G37: =G34+G64 -> 186050.26 | H37: =H34+H64 -> 259673.24 | I37: =I34+I64 -> 337871.56 | J37: =J34+J64 -> 408175.55
B38: % margin | C38: =C37/C$17 -> 0.21383555 | D38: =D37/D$17 -> 0.5659696 | E38: =E37/E$17 -> 0.63845912 | F38: =F37/F$17 -> 0.61185312 | G38: =G37/G$17 -> 0.663 | H38: =H37/H$17 -> 0.671 | I38: =I37/I$17 -> 0.677 | J38: =J37/J$17 -> 0.683
B40: Interest Income | C40: 267 | D40: 866 | E40: 1786 | F40: ='Operating Model'!F267 -> 2200.7956 | G40: ='Operating Model'!G267 -> 4112.2857 | H40: ='Operating Model'!H267 -> 6192.3512 | I40: ='Operating Model'!I267 -> 8588.5474 | J40: ='Operating Model'!J267 -> 10696.176
B41: Interest Expense | C41: -262 | D41: -257 | E41: -247 | F41: =-F260 -> -242.625 | G41: =-G260 -> -226.625 | H41: =-H260 -> -210.625 | I41: =-I260 -> -200.9375 | J41: =-J260 -> -191.25
B42: Other income, net | C42: -48 | D42: 237 | E42: 1034 | F42: 0 | G42: 0 | H42: 0 | I42: 0 | J42: 0
B44: Income Before Income Taxes | C44: =C34+C40+C41+C42 -> 4181 | D44: =D34+D40+D41+D42 -> 33818 | E44: =E34+E40+E41+E42 -> 84026 | F44: =F34+F40+F41+F42 -> 124058.72 | G44: =G34+G40+G41+G42 -> 187129.73 | H44: =H34+H40+H41+H42 -> 261785.03 | I44: =I34+I40+I41+I42 -> 341268.45 | J44: =J34+J40+J41+J42 -> 412704.26
B46: Taxes | C46: 187 | D46: -4058 | E46: -11146 | F46: =-F44*F47 -> -20593.747 | G46: =-G44*G47 -> -30876.406 | H46: =-H44*H47 -> -43194.529 | I46: =-I44*I47 -> -56309.294 | J46: =-J44*J47 -> -68096.204
B47: Tax rate | C47: =-C46/C44 -> -0.044726142 | D47: =-D46/D44 -> 0.11999527 | E47: =-E46/E44 -> 0.13264942 | F47: =Drivers!F71 -> 0.166 | G47: =Drivers!G71 -> 0.165 | H47: =Drivers!H71 -> 0.165 | I47: =Drivers!I71 -> 0.165 | J47: =Drivers!J71 -> 0.165
B49: Net income | C49: =C44+C46 -> 4368 | D49: =D44+D46 -> 29760 | E49: =E44+E46 -> 72880 | F49: =F44+F46 -> 103464.97 | G49: =G44+G46 -> 156253.33 | H49: =H44+H46 -> 218590.5 | I49: =I44+I46 -> 284959.15 | J49: =J44+J46 -> 344608.06
B50: % margin | C50: =C49/C$17 -> 0.16193371 | D50: =D49/D$17 -> 0.48849348 | E50: =E49/E$17 -> 0.55848027 | F50: =F49/F$17 -> 0.50817255 | G50: =G49/G$17 -> 0.55681704 | H50: =H49/H$17 -> 0.5648415 | I50: =I49/I$17 -> 0.57097836 | J50: =J49/J$17 -> 0.57663254
B52: Basic Shares | C52: 24870 | D52: 24940 | E52: 24555 | F52: 24235.5 | G52: 23847.1 | H52: 23399.9 | I52: 22993.3 | J52: 22623.7
B53: Basic EPS | C53: =C$49/C52 -> 0.17563329 | D53: =D$49/D52 -> 1.1932638 | E53: =E$49/E52 -> 2.968031 | F53: =F$49/F52 -> 4.2691495 | G53: =G$49/G52 -> 6.5522988 | H53: =H$49/H52 -> 9.3415142 | I53: =I$49/I52 -> 12.393139 | J53: =J$49/J52 -> 15.232171
B55: Diluted Shares | C55: 25070 | D55: 24940 | E55: 24804 | F55: 24550.5 | G55: 24172.1 | H55: 23739.9 | I55: 23353.3 | J55: 23003.7
B56: Diluted EPS | C56: =C$49/C55 -> 0.17423215 | D56: =D$49/D55 -> 1.1932638 | E56: =E$49/E55 -> 2.9382358 | F56: =F$49/F55 -> 4.2143733 | G56: =G$49/G55 -> 6.4642015 | H56: =H$49/H55 -> 9.2077261 | I56: =I$49/I55 -> 12.202094 | J56: =J$49/J55 -> 14.980549
B58: Cash Flow Statement | C58: Fiscal Year Ending January
B59: $MM, unless otherwise noted | C59: 44955 | D59: 45319 | E59: 45683 | F59: 46052 | G59: 46417 | H59: 46782 | I59: 47148 | J59: 47513
B61: Net income | C61: =C49 -> 4368 | D61: =D49 -> 29760 | E61: =E49 -> 72880 | F61: =F49 -> 103464.97 | G61: =G49 -> 156253.33 | H61: =H49 -> 218590.5 | I61: =I49 -> 284959.15 | J61: =J49 -> 344608.06 | L61: "Other" Breakdown in Operating Activities | M61: 44955 | N61: 45319 | O61: 45683
B62: Stock-Based Compensation | C62: 2709 | D62: 3549 | E62: 4737 | F62: =F$17*F63 -> 6847.1968 | G62: =G$17*G63 -> 7576.7074 | H62: =H$17*H63 -> 9287.8657 | I62: =I$17*I63 -> 10979.578 | J62: =J$17*J63 -> 11952.432 | L62: Deferred Income Taxes | M62: -2164 | N62: -2489 | O62: -4477
B63: % sales | C63: =C62/C$17 -> 0.10043004 | D63: =D62/D$17 -> 0.058254818 | E63: =E62/E$17 -> 0.036299685 | F63: =Drivers!F82 -> 0.033630294 | G63: =Drivers!G82 -> 0.027 | H63: =Drivers!H82 -> 0.024 | I63: =Drivers!I82 -> 0.022 | J63: =Drivers!J82 -> 0.02 | L63: (Gains) / Losses on Non-Marketable Equity Securities | M63: 45 | N63: -238 | O63: -1030
B64: Depreciation & Amortization | C64: =-C198 -> 1544 | D64: =-D198 -> 1508 | E64: =-E198 -> 1864 | F64: =-F198 -> 2474 | G64: =-G198 -> 2806.1879 | H64: =-H198 -> 3869.944 | I64: =-I198 -> 4990.7172 | J64: =-J198 -> 5976.216 | L64: Acquisition Termination Costs | M64: 1353 | N64: 0 | O64: 0
B65: % sales | C65: =C64/C$17 -> 0.057240305 | D65: =D64/D$17 -> 0.024752963 | E65: =E64/E$17 -> 0.014283853 | F65: =F64/F$17 -> 0.012151155 | G65: =G64/G$17 -> 0.01 | H65: =H64/H$17 -> 0.01 | I65: =I64/I$17 -> 0.01 | J65: =J64/J$17 -> 0.01 | L65: Other | M65: -7 | N65: -278 | O65: -502
B66: Changes in Net Working Capital | C66: =C174 -> -1367 | D66: =D174 -> -5003 | E66: =E174 -> -10900 | F66: =F174 -> -11592 | G66: =G174 -> -14462.324 | H66: =H174 -> -21286.004 | I66: =I174 -> -29461.587 | J66: =J174 -> -40848.965 | L66: Changes in Other Assets | M66: =-(1517-C151) -> -1092 | N66: =-(1522-D151) -> 767 | O66: =-(395-E151) -> 296
B67: % sales | C67: =C66/C$17 -> -0.050678431 | D67: =D66/D$17 -> -0.082121401 | E67: =E66/E$17 -> -0.083526824 | F67: =F66/F$17 -> -0.056934594 | G67: =G66/G$17 -> -0.051537263 | H67: =H66/H$17 -> -0.05500339 | I67: =I66/I$17 -> -0.059032772 | J67: =J66/J$17 -> -0.068352557 | L67: Changes in Long Term Liabilities | M67: 252 | N67: 514 | O67: 1221
B68: Other | C68: =M68 -> -1613 | D68: =N68 -> -1724 | E68: =O68 -> -4492 | F68: =F$17*F69 -> 0 | G68: =G$17*G69 -> 0 | H68: =H$17*H69 -> 0 | I68: =I$17*I69 -> 0 | J68: =J$17*J69 -> 0 | L68: Total | M68: =SUM(M62:M67) -> -1613 | N68: =SUM(N62:N67) -> -1724 | O68: =SUM(O62:O67) -> -4492
B69: % sales | C69: =C68/C$17 -> -0.059798324 | D69: =D68/D$17 -> -0.02829848 | E69: =E68/E$17 -> -0.034422247 | F69: 0 | G69: 0 | H69: 0 | I69: 0 | J69: 0
B70: Net Cash Flows from Operating Activities | C70: =C61+C62+C64+C66+C68 -> 5641 | D70: =D61+D62+D64+D66+D68 -> 28090 | E70: =E61+E62+E64+E66+E68 -> 64089 | F70: =F61+F62+F64+F66+F68 -> 101194.17 | G70: =G61+G62+G64+G66+G68 -> 152173.9 | H70: =H61+H62+H64+H66+H68 -> 210462.3 | I70: =I61+I62+I64+I66+I68 -> 271467.86 | J70: =J61+J62+J64+J66+J68 -> 321687.74
B72: Purchases of PP&E (Capital Expenditures) | C72: =-C183 -> -1833 | D72: =-D183 -> -1069 | E72: =-E183 -> -3236 | F72: =-F183 -> -4827 | G72: =-G183 -> -5331.757 | H72: =-H183 -> -6578.9049 | I72: =-I183 -> -7985.1476 | J72: =-J183 -> -9561.9456
B73: % sales | C73: =C72/C$17 -> -0.067954326 | D73: =D72/D$17 -> -0.017547027 | E73: =E72/E$17 -> -0.024797505 | F73: =F72/F$17 -> -0.023708013 | G73: =G72/G$17 -> -0.019 | H73: =H72/H$17 -> -0.017 | I73: =I72/I$17 -> -0.016 | J73: =J72/J$17 -> -0.016
B74: Purchases and Sales of Securities | C74: =19425+1806+8-11897-85 -> 9257 | D74: =9732+50+1-18211-862 -> -9290 | E74: =11195+495+171-26575-1486 -> -16200 | F74: =F$17*F75 -> 0 | G74: =G$17*G75 -> 0 | H74: =H$17*H75 -> 0 | I74: =I$17*I75 -> 0 | J74: =J$17*J75 -> 0
B75: % sales | C75: =C74/C$17 -> 0.34318232 | D75: =D74/D$17 -> -0.15249007 | E75: =E74/E$17 -> -0.12414078 | F75: 0 | G75: 0 | H75: 0 | I75: 0 | J75: 0
B76: Other | C76: -49 | D76: =-83-124 -> -207 | E76: =-1007+22 -> -985 | F76: =F$17*F77 -> 0 | G76: =G$17*G77 -> 0 | H76: =H$17*H77 -> 0 | I76: =I$17*I77 -> 0 | J76: =J$17*J77 -> 0
B77: % sales | C77: =C76/C$17 -> -0.0018165641 | D77: =D76/D$17 -> -0.0033977873 | E77: =E76/E$17 -> -0.0075480662 | F77: 0 | G77: 0 | H77: 0 | I77: 0 | J77: 0
B78: Net Cash Flows from Investing Activities | C78: =C72+C74+C76 -> 7375 | D78: =D72+D74+D76 -> -10566 | E78: =E72+E74+E76 -> -20421 | F78: =F72+F74+F76 -> -4827 | G78: =G72+G74+G76 -> -5331.757 | H78: =H72+H74+H76 -> -6578.9049 | I78: =I72+I74+I76 -> -7985.1476 | J78: =J72+J74+J76 -> -9561.9456
B80: Issuance of Debt | C80: 0 | D80: 0 | E80: 0 | F80: 37 | G80: 0 | H80: 0 | I80: 0 | J80: 0
B81: Repayment of Debt | C81: 0 | D81: -1250 | E81: -1250 | F81: =F211+F218+F225+F232+F239+F246+F253 -> 0 | G81: =G211+G218+G225+G232+G239+G246+G253 -> -1000 | H81: =H211+H218+H225+H232+H239+H246+H253 -> 0 | I81: =I211+I218+I225+I232+I239+I246+I253 -> -1250 | J81: =J211+J218+J225+J232+J239+J246+J253 -> 0
B82: Repurchases of Common Stock | C82: =-10039 -> -10039 | D82: -9533 | E82: =-33706 -> -33706 | F82: -56095 | G82: -75000 | H82: -95000 | I82: -95000 | J82: -95000
B83: Dividends Paid | C83: -398 | D83: -395 | E83: -834 | F83: =-F52*M84 -> -969.42 | G83: =-G52*N84 -> -953.884 | H83: =-H52*O84 -> -935.996 | I83: =-I52*P84 -> -919.732 | J83: =-J52*Q84 -> -904.948 | M83: 46051 | N83: 46416 | O83: 46781 | P83: 47147 | Q83: 47512
B84: Other | C84: =355-1475-58-2 -> -1180 | D84: =403-2783-74-1 -> -2455 | E84: =490-6930-129 -> -6569 | F84: 0 | G84: 0 | H84: 0 | I84: 0 | J84: 0 | L84: Dividends Per Share | M84: 0.04 | N84: 0.04 | O84: 0.04 | P84: 0.04 | Q84: 0.04
B85: Net Cash Flows from Financing Activities | C85: =SUM(C80:C84) -> -11617 | D85: =SUM(D80:D84) -> -13633 | E85: =SUM(E80:E84) -> -42359 | F85: =SUM(F80:F84) -> -57027.42 | G85: =SUM(G80:G84) -> -76953.884 | H85: =SUM(H80:H84) -> -95935.996 | I85: =SUM(I80:I84) -> -97169.732 | J85: =SUM(J80:J84) -> -95904.948
B87: Net Increase / Decrease in Cash | C87: =C70+C78+C85 -> 1399 | D87: =D70+D78+D85 -> 3891 | E87: =E70+E78+E85 -> 1309 | F87: =F70+F78+F85 -> 39339.749 | G87: =G70+G78+G85 -> 69888.255 | H87: =H70+H78+H85 -> 107947.4 | I87: =I70+I78+I85 -> 166312.98 | J87: =J70+J78+J85 -> 216220.85
B88: Beginning Cash Balance | C88: 1990 | D88: =C89 -> 3389 | E88: =D89 -> 7280 | F88: =E89 -> 8589 | G88: =F89 -> 47928.749 | H88: =G89 -> 117817 | I88: =H89 -> 225764.41 | J88: =I89 -> 392077.39
B89: Ending Cash Balance | C89: =C88+C87 -> 3389 | D89: =D88+D87 -> 7280 | E89: =E88+E87 -> 8589 | F89: =F88+F87 -> 47928.749 | G89: =G88+G87 -> 117817 | H89: =H88+H87 -> 225764.41 | I89: =I88+I87 -> 392077.39 | J89: =J88+J87 -> 608298.24
B91: Levered Cash Flow | C91: =C70+C72 -> 3808 | D91: =D70+D72 -> 27021 | E91: =E70+E72 -> 60853 | F91: =F70+F72 -> 96367.169 | G91: =G70+G72 -> 146842.14 | H91: =H70+H72 -> 203883.4 | I91: =I70+I72 -> 263482.71 | J91: =J70+J72 -> 312125.8
B92: % margin | C92: =C91/C$17 -> 0.14117298 | D92: =D91/D$17 -> 0.44353436 | E92: =E91/E$17 -> 0.46631723 | F92: =F91/F$17 -> 0.47331139 | G92: =G91/G$17 -> 0.52327978 | H92: =H91/H$17 -> 0.52683811 | I92: =I91/I$17 -> 0.52794559 | J92: =J91/J$17 -> 0.52227998
B94: Balance Sheet | C94: Fiscal Year Ending January
B95: $MM, unless otherwise noted | C95: 44955 | D95: 45319 | E95: 45683 | F95: 46052 | G95: 46417 | H95: 46782 | I95: 47148 | J95: 47513
B97: Cash and Cash Equivalents | C97: 3389 | D97: 7280 | E97: 8589 | F97: =F89 -> 47928.749 | G97: =G89 -> 117817 | H97: =H89 -> 225764.41 | I97: =I89 -> 392077.39 | J97: =J89 -> 608298.24
B98: Marketable Securities | C98: 9907 | D98: 18704 | E98: 34621 | F98: 34621 | G98: 34621 | H98: 34621 | I98: 34621 | J98: 34621
B99: Accounts Receivable | C99: 3827 | D99: 9999 | E99: 23065 | F99: =F135 -> 35217 | G99: =G135 -> 50377.987 | H99: =H135 -> 72692.301 | I99: =I135 -> 103577.15 | J99: =J135 -> 146399.5
B100: Inventories | C100: 5159 | D100: 5282 | E100: 10080 | F100: =F144 -> 15043 | G100: =G144 -> 21234.901 | H100: =H144 -> 30348.293 | I100: =I144 -> 42961.98 | J100: =J144 -> 60451.059
B101: Prepaid Expenses and Other Current Assets | C101: 791 | D101: 3080 | E101: 3771 | F101: =F153 -> 4183 | G101: =G153 -> 4697.0164 | H101: =H153 -> 5453.5583 | I101: =I153 -> 6500.6747 | J101: =J153 -> 7952.5185
B102: Current Assets | C102: =SUM(C97:C101) -> 23073 | D102: =SUM(D97:D101) -> 44345 | E102: =SUM(E97:E101) -> 80126 | F102: =SUM(F97:F101) -> 136992.75 | G102: =SUM(G97:G101) -> 228747.91 | H102: =SUM(H97:H101) -> 368879.56 | I102: =SUM(I97:I101) -> 579738.2 | J102: =SUM(J97:J101) -> 857722.32
B104: Property and Equipment | C104: 3807 | D104: 3914 | E104: 6283 | F104: =F185 -> 8990 | G104: =G185 -> 11751.569 | H104: =H185 -> 14544.53 | I104: =I185 -> 17569.96 | J104: =J185 -> 21165.69
B105: Operating Lease Assets | C105: 1038 | D105: 1346 | E105: 1793 | F105: 1793 | G105: 1793 | H105: 1793 | I105: 1793 | J105: 1793
B106: Goodwill | C106: 4372 | D106: 4430 | E106: 5188 | F106: 5188 | G106: 5188 | H106: 5188 | I106: 5188 | J106: 5188
B107: Intangible Assets | C107: 1676 | D107: 1112 | E107: 807 | F107: =F194 -> 453 | G107: =G194 -> 217 | H107: =H194 -> 133 | I107: =I194 -> 102 | J107: =J194 -> 92
B108: Deferred Income Tax Assets | C108: 3396 | D108: 6081 | E108: 10979 | F108: 10979 | G108: 10979 | H108: 10979 | I108: 10979 | J108: 10979
B109: Other Assets | C109: 3820 | D109: 4500 | E109: 6425 | F109: 6425 | G109: 6425 | H109: 6425 | I109: 6425 | J109: 6425
B110: Total Assets | C110: =C102+SUM(C104:C109) -> 41182 | D110: =D102+SUM(D104:D109) -> 65728 | E110: =E102+SUM(E104:E109) -> 111601 | F110: =F102+SUM(F104:F109) -> 170820.75 | G110: =G102+SUM(G104:G109) -> 265101.48 | H110: =H102+SUM(H104:H109) -> 407942.09 | I110: =I102+SUM(I104:I109) -> 621795.16 | J110: =J102+SUM(J104:J109) -> 903365
B112: Accounts Payable | C112: 1193 | D112: 2699 | E112: 6310 | F112: =F161 -> 8874 | G112: =G161 -> 12072.879 | H112: =H161 -> 16781.066 | I112: =I161 -> 23297.587 | J112: =J161 -> 32332.848
B113: Accrued and Other Current Liabilities | C113: 4120 | D113: 6682 | E113: 11737 | F113: =F170 -> 15108 | G113: =G170 -> 19313.702 | H113: =H170 -> 25503.757 | I113: =I170 -> 34071.305 | J113: =J170 -> 45950.347
B114: Short-Term Debt | C114: 1250 | D114: 1250 | E114: 0 | F114: =F212 -> 1000 | G114: 0 | H114: =H219 -> 1250 | I114: 0 | J114: 0
B115: Current Liabilities | C115: =SUM(C112:C114) -> 6563 | D115: =SUM(D112:D114) -> 10631 | E115: =SUM(E112:E114) -> 18047 | F115: =SUM(F112:F114) -> 24982 | G115: =SUM(G112:G114) -> 31386.58 | H115: =SUM(H112:H114) -> 43534.823 | I115: =SUM(I112:I114) -> 57368.892 | J115: =SUM(J112:J114) -> 78283.195
B117: Long-Term Debt | C117: 9703 | D117: 8459 | E117: 8463 | F117: =F258-F114 -> 7500 | G117: =G258-G114 -> 7500 | H117: =H258-H114 -> 6250 | I117: =I258-I114 -> 6250 | J117: =J258-J114 -> 6250
B118: Long-Term Operating Lease Liabilities | C118: 902 | D118: 1119 | E118: 1519 | F118: 1519 | G118: 1519 | H118: 1519 | I118: 1519 | J118: 1519
B119: Other Long-Term Liabilities | C119: 1913 | D119: 2541 | E119: 4245 | F119: 4245 | G119: 4245 | H119: 4245 | I119: 4245 | J119: 4245
B120: Total Liabilities | C120: =C115+SUM(C117:C119) -> 19081 | D120: =D115+SUM(D117:D119) -> 22750 | E120: =E115+SUM(E117:E119) -> 32274 | F120: =F115+SUM(F117:F119) -> 38246 | G120: =G115+SUM(G117:G119) -> 44650.58 | H120: =H115+SUM(H117:H119) -> 55548.823 | I120: =I115+SUM(I117:I119) -> 69382.892 | J120: =J115+SUM(J117:J119) -> 90297.195
B122: Shareholder's Equity | C122: 22101 | D122: 42978 | E122: 79327 | F122: =E122+F62+F61+F82+F83 -> 132574.75 | G122: =F122+G62+G61+G82+G83 -> 220450.9 | H122: =G122+H62+H61+H82+H83 -> 352393.26 | I122: =H122+I62+I61+I82+I83 -> 552412.27 | J122: =I122+J62+J61+J82+J83 -> 813067.81
B124: Total Liabilities and Equity | C124: =C120+C122 -> 41182 | D124: =D120+D122 -> 65728 | E124: =E120+E122 -> 111601 | F124: =F120+F122 -> 170820.75 | G124: =G120+G122 -> 265101.48 | H124: =H120+H122 -> 407942.09 | I124: =I120+I122 -> 621795.16 | J124: =J120+J122 -> 903365
B126: check | C126: =C110-C124 -> 0 | D126: =D110-D124 -> 0 | E126: =E110-E124 -> 0 | F126: =F110-F124 -> 0 | G126: =G110-G124 -> 0 | H126: =H110-H124 -> 0 | I126: =I110-I124 -> 0 | J126: =J110-J124 -> 0
B128: Working Capital Schedule | C128: Fiscal Year Ending January
...

Sheet Drivers
B2: Operating Case Drivers
B4: Income Statement | C4: Fiscal Year Ending January
B5: $MM, unless otherwise noted | C5: 44955 | D5: 45319 | E5: 45683 | F5: 46052 | G5: 46417 | H5: 46782 | I5: 47148 | J5: 47513
B7: Data Center Revenue | F7: =SUMIF($B9:$B13, Control!$C$5, Drivers!F9:F13) -> 0.58214614 | G7: =SUMIF($B9:$B13, Control!$C$5, Drivers!G9:G14) -> 0.4 | H7: =SUMIF($B9:$B13, Control!$C$5, Drivers!H9:H14) -> 0.4 | I7: =SUMIF($B9:$B13, Control!$C$5, Drivers!I9:I14) -> 0.3 | J7: =SUMIF($B9:$B13, Control!$C$5, Drivers!J9:J14) -> 0.2
C8: 15005 | D8: 47525 | E8: 115186 | F8: 182241.1 | G8: 237531.2 | H8: 267530.7 | I8: 294283.8 | J8: 323712.2
B9: Street | D9: =D8/C8-1 -> 2.1672776 | E9: =E8/D8-1 -> 1.4236928 | F9: =F8/E8-1 -> 0.58214627 | G9: =G8/F8-1 -> 0.30338985 | H9: =H8/G8-1 -> 0.12629709 | I9: =I8/H8-1 -> 0.10000011 | J9: =J8/I8-1 -> 0.10000007
F12: 182241.09 | G12: 255137.52 | H12: 357192.53 | I12: 464350.29 | J12: 557220.34
B13: Management | F13: =F12/E8-1 -> 0.58214614 | G13: =G12/F12-1 -> 0.4 | H13: =H12/G12-1 -> 0.4 | I13: =I12/H12-1 -> 0.3 | J13: =J12/I12-1 -> 0.2
B15: Gaming Revenue | F15: =SUMIF($B17:$B21, Control!$C$5, Drivers!F17:F21) -> 0.42629903 | G15: =SUMIF($B17:$B21, Control!$C$5, Drivers!G17:G22) -> 0.156 | H15: =SUMIF($B17:$B21, Control!$C$5, Drivers!H17:H22) -> 0.125 | I15: =SUMIF($B17:$B21, Control!$C$5, Drivers!I17:I22) -> 0.12 | J15: =SUMIF($B17:$B21, Control!$C$5, Drivers!J17:J22) -> 0.12
C16: 9067 | D16: 10447 | E16: 11350 | F16: 16188.5 | G16: 17499.2 | H16: 19494.9 | I16: 21151.9 | J16: 22632.6
B17: Street | D17: =D16/C16-1 -> 0.15220029 | E17: =E16/D16-1 -> 0.086436298 | F17: =F16/E16-1 -> 0.42629956 | G17: =G16/F16-1 -> 0.080964882 | H17: =H16/G16-1 -> 0.11404521 | I17: =I16/H16-1 -> 0.084996589 | J17: =J16/I16-1 -> 0.070003168
F20: 16188.494 | G20: 18713.899 | H20: 21053.136 | I20: 23579.513 | J20: 26409.054
B21: Management | F21: =F20/E16-1 -> 0.42629903 | G21: =G20/F20-1 -> 0.156 | H21: =H20/G20-1 -> 0.125 | I21: =I20/H20-1 -> 0.12 | J21: =J20/I20-1 -> 0.12
B23: Professional Visualization Revenue | F23: =SUMIF($B25:$B29, Control!$C$5, Drivers!F25:F29) -> 0.1973561 | G23: =SUMIF($B25:$B29, Control!$C$5, Drivers!G25:G29) -> 0.174 | H23: =SUMIF($B25:$B29, Control!$C$5, Drivers!H25:H29) -> 0.105 | I23: =SUMIF($B25:$B29, Control!$C$5, Drivers!I25:I29) -> 0.08 | J23: =SUMIF($B25:$B29, Control!$C$5, Drivers!J25:J29) -> 0.08
C24: 1544 | D24: 1553 | E24: 1878 | F24: 2248.6 | G24: 2546.2 | H24: 2737.1 | I24: 2874 | J24: 3017.7
B25: Street | D25: =D24/C24-1 -> 0.0058290155 | E25: =E24/D24-1 -> 0.20927238 | F25: =F24/E24-1 -> 0.19733759 | G25: =G24/F24-1 -> 0.13234902 | H25: =H24/G24-1 -> 0.074974472 | I25: =I24/H24-1 -> 0.050016441 | J25: =J24/I24-1 -> 0.05
F28: 2248.6348 | G28: 2639.8972 | H28: 2917.0864 | I28: 3150.4533 | J28: 3402.4896
B29: Management | F29: =F28/E24-1 -> 0.1973561 | G29: =G28/F28-1 -> 0.174 | H29: =H28/G28-1 -> 0.105 | I29: =I28/H28-1 -> 0.08 | J29: =J28/I28-1 -> 0.08
B31: Automotive Revenue | F31: =SUMIF($B33:$B37, Control!$C$5, Drivers!F33:F37) -> 0.44323526 | G31: =SUMIF($B33:$B37, Control!$C$5, Drivers!G33:G37) -> 0.45 | H31: =SUMIF($B33:$B37, Control!$C$5, Drivers!H33:H37) -> 0.45 | I31: =SUMIF($B33:$B37, Control!$C$5, Drivers!I33:I37) -> 0.4 | J31: =SUMIF($B33:$B37, Control!$C$5, Drivers!J33:J37) -> 0.35
C32: 903 | D32: 1091 | E32: 1694 | F32: 2444.8 | G32: 3548.7 | H32: 5158.4 | I32: 7221.7 | J32: 9388.3
B33: Street | D33: =D32/C32-1 -> 0.20819491 | E33: =E32/D32-1 -> 0.55270394 | F33: =F32/E32-1 -> 0.44321133 | G33: =G32/F32-1 -> 0.45152978 | H33: =H32/G32-1 -> 0.45360273 | I33: =I32/H32-1 -> 0.39998837 | J33: =J32/I32-1 -> 0.30001246
F36: 2444.8405 | G36: 3545.0188 | H36: 5140.2772 | I36: 7196.3881 | J36: 9715.1239
B37: Management | F37: =F36/E32-1 -> 0.44323526 | G37: =G36/F36-1 -> 0.45 | H37: =H36/G36-1 -> 0.45 | I37: =I36/H36-1 -> 0.4 | J37: =J36/I36-1 -> 0.35
B39: OEM and Other Revenue | F39: =SUMIF($B41:$B45, Control!$C$5, Drivers!F41:F45) -> 0.23134554 | G39: =SUMIF($B41:$B45, Control!$C$5, Drivers!G41:G45) -> 0.216 | H39: =SUMIF($B41:$B45, Control!$C$5, Drivers!H41:H45) -> 0.187 | I39: =SUMIF($B41:$B45, Control!$C$5, Drivers!I41:I45) -> 0.15 | J39: =SUMIF($B41:$B45, Control!$C$5, Drivers!J41:J45) -> 0.1
C40: 455 | D40: 306 | E40: 389 | F40: 479 | G40: 559.7 | H40: 616.1 | I40: 668.5 | J40: 715.2
B41: Street | D41: =D40/C40-1 -> -0.32747253 | E41: =E40/D40-1 -> 0.27124183 | F41: =F40/E40-1 -> 0.23136247 | G41: =G40/F40-1 -> 0.16847599 | H41: =H40/G40-1 -> 0.10076827 | I41: =I40/H40-1 -> 0.085051128 | J41: =J40/I40-1 -> 0.069857891
F44: 478.99342 | G44: 582.45599 | H44: 691.37526 | I44: 795.08155 | J44: 874.58971
B45: Management | F45: =F44/E40-1 -> 0.23134554 | G45: =G44/F44-1 -> 0.216 | H45: =H44/G44-1 -> 0.187 | I45: =I44/H44-1 -> 0.15 | J45: =J44/I44-1 -> 0.1
B47: Cost of Revenue Margin | F47: =SUMIF($B49:$B53, Control!$C$5, Drivers!F49:F53) -> -0.29308443 | G47: =SUMIF($B49:$B53, Control!$C$5, Drivers!G49:G53) -> -0.261 | H47: =SUMIF($B49:$B53, Control!$C$5, Drivers!H49:H53) -> -0.255 | I47: =SUMIF($B49:$B53, Control!$C$5, Drivers!I49:I53) -> -0.25 | J47: =SUMIF($B49:$B53, Control!$C$5, Drivers!J49:J53) -> -0.245
C48: -11618 | D48: -16621 | E48: -32639 | F48: -59672.6 | G48: -71425 | H48: -75462.2 | I48: -83181 | J48: -91663.8
B49: Street | C49: =C48/(C$8+C$16+C$24+C$32+C$40) -> -0.43071106 | D49: =D48/(D$8+D$16+D$24+D$32+D$40) -> -0.27282427 | E49: =E48/(E$8+E$16+E$24+E$32+E$40) -> -0.25011303 | F49: =F48/(F$8+F$16+F$24+F$32+F$40) -> -0.29308455 | G49: =G48/(G$8+G$16+G$24+G$32+G$40) -> -0.27294266 | H49: =H48/(H$8+H$16+H$24+H$32+H$40) -> -0.25533909 | I49: =I48/(I$8+I$16+I$24+I$32+I$40) -> -0.25500008 | J49: =J48/(J$8+J$16+J$24+J$32+J$40) -> -0.25499992
F52: -59672.589 | G52: -73241.504 | H52: -98683.573 | I52: -124767.93 | J52: -146417.29
B53: Management | F53: =F52/(F$12+F$20+F$28+F$36+F$44) -> -0.29308443 | G53: =G52/(G$12+G$20+G$28+G$36+G$44) -> -0.261 | H53: =H52/(H$12+H$20+H$28+H$36+H$44) -> -0.255 | I53: =I52/(I$12+I$20+I$28+I$36+I$44) -> -0.25 | J53: =J52/(J$12+J$20+J$28+J$36+J$44) -> -0.245
B55: Research and Development Costs Margin | F55: =SUMIF($B57:$B61, Control!$C$5, Drivers!F57:F61) -> -0.086009498 | G55: =SUMIF($B57:$B61, Control!$C$5, Drivers!G57:G61) -> -0.07 | H55: =SUMIF($B57:$B61, Control!$C$5, Drivers!H57:H61) -> -0.07 | I55: =SUMIF($B57:$B61, Control!$C$5, Drivers!I57:I61) -> -0.07 | J55: =SUMIF($B57:$B61, Control!$C$5, Drivers!J57:J61) -> -0.07
C56: -7339 | D56: -8675 | E56: -12914 | F56: -17511.7 | G56: -20149.7 | H56: -22041.5 | I56: -24465 | J56: -26959.9
B57: Street | C57: =C56/(C$8+C$16+C$24+C$32+C$40) -> -0.27207681 | D57: =D56/(D$8+D$16+D$24+D$32+D$40) -> -0.14239519 | E57: =E56/(E$8+E$16+E$24+E$32+E$40) -> -0.098960129 | F57: =F56/(F$8+F$16+F$24+F$32+F$40) -> -0.086009469 | G57: =G56/(G$8+G$16+G$24+G$32+G$40) -> -0.076999828 | H57: =H56/(H$8+H$16+H$24+H$32+H$40) -> -0.074581136 | I57: =I56/(I$8+I$16+I$24+I$32+I$40) -> -0.075000023 | J57: =J56/(J$8+J$16+J$24+J$32+J$40) -> -0.074999861
F60: -17511.71 | G60: -19643.315 | H60: -27089.608 | I60: -34935.021 | J60: -41833.512
B61: Management | F61: =F60/(F$12+F$20+F$28+F$36+F$44) -> -0.086009498 | G61: =G60/(G$12+G$20+G$28+G$36+G$44) -> -0.07 | H61: =H60/(H$12+H$20+H$28+H$36+H$44) -> -0.07 | I61: =I60/(I$12+I$20+I$28+I$36+I$44) -> -0.07 | J61: =J60/(J$12+J$20+J$28+J$36+J$44) -> -0.07
B63: Sales, General and Administrative Costs Margin | F63: =SUMIF($B65:$B69, Control!$C$5, Drivers!F65:F69) -> -0.021204109 | G63: =SUMIF($B65:$B69, Control!$C$5, Drivers!G65:G69) -> -0.016 | H63: =SUMIF($B65:$B69, Control!$C$5, Drivers!H65:H69) -> -0.014 | I63: =SUMIF($B65:$B69, Control!$C$5, Drivers!I65:I69) -> -0.013 | J63: =SUMIF($B65:$B69, Control!$C$5, Drivers!J65:J69) -> -0.012
C64: -2440 | D64: -2654 | E64: -3491 | F64: -4317.2 | G64: -4619.5 | H64: -4806.4 | I64: -5219.2 | J64: -5751.5
B65: Street | C65: =C64/(C$8+C$16+C$24+C$32+C$40) -> -0.090457478 | D65: =D64/(D$8+D$16+D$24+D$32+D$40) -> -0.043563901 | E65: =E64/(E$8+E$16+E$24+E$32+E$40) -> -0.026751573 | F65: =F64/(F$8+F$16+F$24+F$32+F$40) -> -0.021204114 | G65: =G64/(G$8+G$16+G$24+G$32+G$40) -> -0.017652903 | H65: =H64/(H$8+H$16+H$24+H$32+H$40) -> -0.016263266 | I65: =I64/(I$8+I$16+I$24+I$32+I$40) -> -0.016000005 | J65: =J64/(J$8+J$16+J$24+J$32+J$40) -> -0.016000122
F68: -4317.2 | G68: -4489.9007 | H68: -5417.9216 | I68: -6487.9324 | J68: -7171.4592
B69: Management | F69: =F68/(F$12+F$20+F$28+F$36+F$44) -> -0.021204109 | G69: =G68/(G$12+G$20+G$28+G$36+G$44) -> -0.016 | H69: =H68/(H$12+H$20+H$28+H$36+H$44) -> -0.014 | I69: =I68/(I$12+I$20+I$28+I$36+I$44) -> -0.013 | J69: =J68/(J$12+J$20+J$28+J$36+J$44) -> -0.012
B71: Income Tax Rate | F71: =SUMIF($B73:$B77, Control!$C$5, Drivers!F73:F77) -> 0.166 | G71: =SUMIF($B73:$B77, Control!$C$5, Drivers!G73:G77) -> 0.165 | H71: =SUMIF($B73:$B77, Control!$C$5, Drivers!H73:H77) -> 0.165 | I71: =SUMIF($B73:$B77, Control!$C$5, Drivers!I73:I77) -> 0.165 | J71: =SUMIF($B73:$B77, Control!$C$5, Drivers!J73:J77) -> 0.165
B73: Street | F73: 0.166 | G73: 0.165 | H73: 0.165 | I73: 0.165 | J73: 0.165
B77: Management | F77: 0.166 | G77: 0.165 | H77: 0.165 | I77: 0.165 | J77: 0.165
B79: Cash Flow Statement | C79: Fiscal Year Ending January
B80: $MM, unless otherwise noted | C80: 44955 | D80: 45319 | E80: 45683 | F80: 46052 | G80: 46417 | H80: 46782 | I80: 47148 | J80: 47513
B82: Stock-Based Compensation | F82: =SUMIF($B84:$B88, Control!$C$5, Drivers!F84:F88) -> 0.033630294 | G82: =SUMIF($B84:$B88, Control!$C$5, Drivers!G84:G88) -> 0.027 | H82: =SUMIF($B84:$B88, Control!$C$5, Drivers!H84:H88) -> 0.024 | I82: =SUMIF($B84:$B88, Control!$C$5, Drivers!I84:I88) -> 0.022 | J82: =SUMIF($B84:$B88, Control!$C$5, Drivers!J84:J88) -> 0.02
C83: 2709 | D83: 3549 | E83: 4737 | F83: 6847.2 | G83: 7674.6 | H83: 8300.7 | I83: 9133.6 | J83: 10065
B84: Street | C84: =C83/(C$8+C$16+C$24+C$32+C$40) -> 0.10043004 | D84: =D83/(D$8+D$16+D$24+D$32+D$40) -> 0.058254818 | E84: =E83/(E$8+E$16+E$24+E$32+E$40) -> 0.036299685 | F84: =F83/(F$8+F$16+F$24+F$32+F$40) -> 0.033630318 | G84: =G83/(G$8+G$16+G$24+G$32+G$40) -> 0.029327627 | H84: =H83/(H$8+H$16+H$24+H$32+H$40) -> 0.02808682 | I84: =I83/(I$8+I$16+I$24+I$32+I$40) -> 0.028000009 | J84: =J83/(J$8+J$16+J$24+J$32+J$40) -> 0.027999866
F87: 6847.1968 | G87: 7576.7074 | H87: 9287.8657 | I87: 10979.578 | J87: 11952.432
B88: Management | F88: =F87/(F$12+F$20+F$28+F$36+F$44) -> 0.033630294 | G88: =G87/(G$12+G$20+G$28+G$36+G$44) -> 0.027 | H88: =H87/(H$12+H$20+H$28+H$36+H$44) -> 0.024 | I88: =I87/(I$12+I$20+I$28+I$36+I$44) -> 0.022 | J88: =J87/(J$12+J$20+J$28+J$36+J$44) -> 0.02
B90: Depreciation Expense | F90: =SUMIF($B92:$B96, Control!$C$5, Drivers!F92:F96) -> -0.010412469 | G90: =SUMIF($B92:$B96, Control!$C$5, Drivers!G92:G96) -> -0.0091590014 | H90: =SUMIF($B92:$B96, Control!$C$5, Drivers!H92:H96) -> -0.0097829426 | I90: =SUMIF($B92:$B96, Control!$C$5, Drivers!I92:I96) -> -0.0099378847 | J90: =SUMIF($B92:$B96, Control!$C$5, Drivers!J92:J96) -> -0.009983267
C91: =-1544-C101 -> -1544 | D91: =-1508-D101 -> -1508 | E91: =-1864-E101 -> -1864 | F91: -2120 | G91: -2119.2 | H91: -2575.8 | I91: -2904.8 | J91: -3225.2
B92: Street | C92: =C91/(C$8+C$16+C$24+C$32+C$40) -> -0.057240305 | D92: =D91/(D$8+D$16+D$24+D$32+D$40) -> -0.024752963 | E92: =E91/(E$8+E$16+E$24+E$32+E$40) -> -0.014283853 | F92: =F91/(F$8+F$16+F$24+F$32+F$40) -> -0.010412471 | G92: =G91/(G$8+G$16+G$24+G$32+G$40) -> -0.0080982861 | H92: =H91/(H$8+H$16+H$24+H$32+H$40) -> -0.0087156541 | I92: =I91/(I$8+I$16+I$24+I$32+I$40) -> -0.008904969 | J92: =J91/(J$8+J$16+J$24+J$32+J$40) -> -0.0089721976
F95: -2120 | G95: -2570.1879 | H95: -3785.944 | I95: -4959.7172 | J95: -5966.216
B96: Management | F96: =F95/(F$12+F$20+F$28+F$36+F$44) -> -0.010412469 | G96: =G95/(G$12+G$20+G$28+G$36+G$44) -> -0.0091590014 | H96: =H95/(H$12+H$20+H$28+H$36+H$44) -> -0.0097829426 | I96: =I95/(I$12+I$20+I$28+I$36+I$44) -> -0.0099378847 | J96: =J95/(J$12+J$20+J$28+J$36+J$44) -> -0.009983267
B98: Amortization Expense | F98: =SUMIF($B100:$B104, Control!$C$5, Drivers!F100:F104) -> -0.0017386858 | G98: =SUMIF($B100:$B104, Control!$C$5, Drivers!G100:G104) -> -0.00084099856 | H98: =SUMIF($B100:$B104, Control!$C$5, Drivers!H100:H104) -> -0.0002170574 | I98: =SUMIF($B100:$B104, Control!$C$5, Drivers!I100:I104) -> -6.2115321e-05 | J98: =SUMIF($B100:$B104, Control!$C$5, Drivers!J100:J104) -> -1.6732996e-05
C99: -699 | D99: -614 | E99: -593 | F99: -354 | G99: -236 | H99: -84 | I99: -31 | J99: -10
B100: Street | C100: =C99/(C$8+C$16+C$24+C$32+C$40) -> -0.025913843 | D100: =D99/(D$8+D$16+D$24+D$32+D$40) -> -0.010078461 | E100: =E99/(E$8+E$16+E$24+E$32+E$40) -> -0.0045441658 | F100: =F99/(F$8+F$16+F$24+F$32+F$40) -> -0.0017386863 | G100: =G99/(G$8+G$16+G$24+G$32+G$40) -> -0.00090184764 | H100: =H99/(H$8+H$16+H$24+H$32+H$40) -> -0.00028422818 | I100: =I99/(I$8+I$16+I$24+I$32+I$40) -> -9.5033751e-05 | J100: =J99/(J$8+J$16+J$24+J$32+J$40) -> -2.7819043e-05
F103: -354 | G103: -236 | H103: -84 | I103: -31 | J103: -10
B104: Management | F104: =F103/(F$12+F$20+F$28+F$36+F$44) -> -0.0017386858 | G104: =G103/(G$12+G$20+G$28+G$36+G$44) -> -0.00084099856 | H104: =H103/(H$12+H$20+H$28+H$36+H$44) -> -0.0002170574 | I104: =I103/(I$12+I$20+I$28+I$36+I$44) -> -6.2115321e-05 | J104: =J103/(J$12+J$20+J$28+J$36+J$44) -> -1.6732996e-05
B106: Capital Expenditures | F106: =SUMIF($B108:$B112, Control!$C$5, Drivers!F108:F112) -> 0.023708013 | G106: =SUMIF($B108:$B112, Control!$C$5, Drivers!G108:G112) -> 0.019 | H106: =SUMIF($B108:$B112, Control!$C$5, Drivers!H108:H112) -> 0.017 | I106: =SUMIF($B108:$B112, Control!$C$5, Drivers!I108:I112) -> 0.016 | J106: =SUMIF($B108:$B112, Control!$C$5, Drivers!J108:J112) -> 0.016
C107: 1833 | D107: 1069 | E107: 3236 | F107: 4827 | G107: 6000 | H107: 7200 | I107: 7828.8 | J107: 8627.2
B108: Street | C108: =C107/(C$8+C$16+C$24+C$32+C$40) -> 0.067954326 | D108: =D107/(D$8+D$16+D$24+D$32+D$40) -> 0.017547027 | E108: =E107/(E$8+E$16+E$24+E$32+E$40) -> 0.024797505 | F108: =F107/(F$8+F$16+F$24+F$32+F$40) -> 0.023708019 | G108: =G107/(G$8+G$16+G$24+G$32+G$40) -> 0.02292833 | H108: =H107/(H$8+H$16+H$24+H$32+H$40) -> 0.024362415 | I108: =I107/(I$8+I$16+I$24+I$32+I$40) -> 0.024000007 | J108: =J107/(J$8+J$16+J$24+J$32+J$40) -> 0.024000045
F111: 4827 | G111: 5331.757 | H111: 6578.9049 | I111: 7985.1476 | J111: 9561.9456
B112: Management | F112: =F111/(F$12+F$20+F$28+F$36+F$44) -> 0.023708013 | G112: =G111/(G$12+G$20+G$28+G$36+G$44) -> 0.019 | H112: =H111/(H$12+H$20+H$28+H$36+H$44) -> 0.017 | I112: =I111/(I$12+I$20+I$28+I$36+I$44) -> 0.016 | J112: =J111/(J$12+J$20+J$28+J$36+J$44) -> 0.016
B114: Change in Accounts Receivables | F114: =SUMIF($B116:$B120, Control!$C$5, Drivers!F116:F120) -> 0.059685058 | G114: =SUMIF($B116:$B120, Control!$C$5, Drivers!G116:G120) -> 0.054026985 | H114: =SUMIF($B116:$B120, Control!$C$5, Drivers!H116:H120) -> 0.057660559 | I114: =SUMIF($B116:$B120, Control!$C$5, Drivers!I116:I120) -> 0.061884597 | J114: =SUMIF($B116:$B120, Control!$C$5, Drivers!J116:J120) -> 0.071654613
C115: -822 | D115: 6172 | E115: 13063 | F115: 12152 | G115: 15618.7 | H115: 17639.2 | I115: 19469.3 | J115: 21454.7
B116: Street | C116: =C115/(C$8+C$16+C$24+C$32+C$40) -> -0.03047379 | D116: =D115/(D$8+D$16+D$24+D$32+D$40) -> 0.10130987 | E116: =E115/(E$8+E$16+E$24+E$32+E$40) -> 0.10010192 | F116: =F115/(F$8+F$16+F$24+F$32+F$40) -> 0.059685072 | G116: =G115/(G$8+G$16+G$24+G$32+G$40) -> 0.059685118 | H116: =H115/(H$8+H$16+H$24+H$32+H$40) -> 0.059685211 | I116: =I115/(I$8+I$16+I$24+I$32+I$40) -> 0.059685181 | J116: =J115/(J$8+J$16+J$24+J$32+J$40) -> 0.059684922
F119: 12152 | G119: 15160.987 | H119: 22314.313 | I119: 30884.852 | J119: 42822.344
B120: Management | F120: =F119/(F$12+F$20+F$28+F$36+F$44) -> 0.059685058 | G120: =G119/(G$12+G$20+G$28+G$36+G$44) -> 0.054026985 | H120: =H119/(H$12+H$20+H$28+H$36+H$44) -> 0.057660559 | I120: =I119/(I$12+I$20+I$28+I$36+I$44) -> 0.061884597 | J120: =J119/(J$12+J$20+J$28+J$36+J$44) -> 0.071654613
B122: Change in Inventories | F122: =SUMIF($B124:$B128, Control!$C$5, Drivers!F124:F128) -> 0.024375983 | G122: =SUMIF($B124:$B128, Control!$C$5, Drivers!G124:G128) -> 0.022065169 | H122: =SUMIF($B124:$B128, Control!$C$5, Drivers!H124:H128) -> 0.023549157 | I122: =SUMIF($B124:$B128, Control!$C$5, Drivers!I124:I128) -> 0.025274297 | J122: =SUMIF($B124:$B128, Control!$C$5, Drivers!J124:J128) -> 0.02926447
C123: 2554 | D123: 98 | E123: 4781 | F123: 4963 | G123: 6378.8 | H123: 7204 | I123: 7951.4 | J123: 8762.3
B124: Street | C124: =C123/(C$8+C$16+C$24+C$32+C$40) -> 0.09468377 | D124: =D123/(D$8+D$16+D$24+D$32+D$40) -> 0.0016086143 | E124: =E123/(E$8+E$16+E$24+E$32+E$40) -> 0.036636858 | F124: =F123/(F$8+F$16+F$24+F$32+F$40) -> 0.024375988 | G124: =G123/(G$8+G$16+G$24+G$32+G$40) -> 0.024375872 | H124: =H123/(H$8+H$16+H$24+H$32+H$40) -> 0.02437595 | I124: =I123/(I$8+I$16+I$24+I$32+I$40) -> 0.024375851 | J124: =J123/(J$8+J$16+J$24+J$32+J$40) -> 0.02437588
F127: 4963 | G127: 6191.9009 | H127: 9113.3919 | I127: 12613.687 | J127: 17489.08
B128: Management | F128: =F127/(F$12+F$20+F$28+F$36+F$44) -> 0.024375983 | G128: =G127/(G$12+G$20+G$28+G$36+G$44) -> 0.022065169 | H128: =H127/(H$12+H$20+H$28+H$36+H$44) -> 0.023549157 | I128: =I127/(I$12+I$20+I$28+I$36+I$44) -> 0.025274297 | J128: =J127/(J$12+J$20+J$28+J$36+J$44) -> 0.02926447
B130: Change in Prepaid Expenses and Other Current Assets | F130: =SUMIF($B132:$B136, Control!$C$5, Drivers!F132:F136) -> 0.0020235553 | G130: =SUMIF($B132:$B136, Control!$C$5, Drivers!G132:G136) -> 0.0018317247 | H130: =SUMIF($B132:$B136, Control!$C$5, Drivers!H132:H136) -> 0.0019549169 | I130: =SUMIF($B132:$B136, Control!$C$5, Drivers!I132:I136) -> 0.0020981282 | J130: =SUMIF($B132:$B136, Control!$C$5, Drivers!J132:J136) -> 0.0024293697
C131: 425 | D131: 2289 | E131: 691 | F131: 412 | G131: 529.5 | H131: 598 | I131: 660.1 | J131: 727.4
B132: Street | C132: =C131/(C$8+C$16+C$24+C$32+C$40) -> 0.015755913 | D132: =D131/(D$8+D$16+D$24+D$32+D$40) -> 0.037572634 | E132: =E131/(E$8+E$16+E$24+E$32+E$40) -> 0.0052951409 | F132: =F131/(F$8+F$16+F$24+F$32+F$40) -> 0.0020235558 | G132: =G131/(G$8+G$16+G$24+G$32+G$40) -> 0.0020234251 | H132: =H131/(H$8+H$16+H$24+H$32+H$40) -> 0.0020234339 | I132: =I131/(I$8+I$16+I$24+I$32+I$40) -> 0.0020236058 | J132: =J131/(J$8+J$16+J$24+J$32+J$40) -> 0.0020235572
F135: 412 | G135: 514.01636 | H135: 756.5419 | I135: 1047.1165 | J135: 1451.8438
B136: Management | F136: =F135/(F$12+F$20+F$28+F$36+F$44) -> 0.0020235553 | G136: =G135/(G$12+G$20+G$28+G$36+G$44) -> 0.0018317247 | H136: =H135/(H$12+H$20+H$28+H$36+H$44) -> 0.0019549169 | I136: =I135/(I$12+I$20+I$28+I$36+I$44) -> 0.0020981282 | J136: =J135/(J$12+J$20+J$28+J$36+J$44) -> 0.0024293697
B138: Change in Accounts Payable | F138: =SUMIF($B140:$B144, Control!$C$5, Drivers!F140:F144) -> 0.012593194 | G138: =SUMIF($B140:$B144, Control!$C$5, Drivers!G140:G144) -> 0.011399374 | H138: =SUMIF($B140:$B144, Control!$C$5, Drivers!H140:H144) -> 0.012166036 | I138: =SUMIF($B140:$B144, Control!$C$5, Drivers!I140:I144) -> 0.013057283 | J138: =SUMIF($B140:$B144, Control!$C$5, Drivers!J140:J144) -> 0.015118699
C139: -551 | D139: 1531 | E139: 3357 | F139: 2564 | G139: 3295.4 | H139: 3721.8 | I139: 4107.9 | J139: 4526.8
B140: Street | C140: =C139/(C$8+C$16+C$24+C$32+C$40) -> -0.020427078 | D140: =D139/(D$8+D$16+D$24+D$32+D$40) -> 0.025130495 | E140: =E139/(E$8+E$16+E$24+E$32+E$40) -> 0.025724729 | F140: =F139/(F$8+F$16+F$24+F$32+F$40) -> 0.012593197 | G140: =G139/(G$8+G$16+G$24+G$32+G$40) -> 0.012593003 | H140: =H139/(H$8+H$16+H$24+H$32+H$40) -> 0.012593339 | I140: =I139/(I$8+I$16+I$24+I$32+I$40) -> 0.012593198 | J140: =J139/(J$8+J$16+J$24+J$32+J$40) -> 0.012593124
F143: 2564 | G143: 3198.8785 | H143: 4708.1879 | I143: 6516.5209 | J143: 9035.261
B144: Management | F144: =F143/(F$12+F$20+F$28+F$36+F$44) -> 0.012593194 | G144: =G143/(G$12+G$20+G$28+G$36+G$44) -> 0.011399374 | H144: =H143/(H$12+H$20+H$28+H$36+H$44) -> 0.012166036 | I144: =I143/(I$12+I$20+I$28+I$36+I$44) -> 0.013057283 | J144: =J143/(J$12+J$20+J$28+J$36+J$44) -> 0.015118699
B146: Change in Accrued and Other Liabilities | F146: =SUMIF($B148:$B152, Control!$C$5, Drivers!F148:F152) -> 0.016556808 | G146: =SUMIF($B148:$B152, Control!$C$5, Drivers!G148:G152) -> 0.014987242 | H146: =SUMIF($B148:$B152, Control!$C$5, Drivers!H148:H152) -> 0.015995206 | I146: =SUMIF($B148:$B152, Control!$C$5, Drivers!I148:I152) -> 0.017166966 | J146: =SUMIF($B148:$B152, Control!$C$5, Drivers!J148:J152) -> 0.019877197
C147: 1341 | D147: 2025 | E147: 4278 | F147: 3371 | G147: 4332.7 | H147: 4893.2 | I147: 5400.8 | J147: 5951.6
B148: Street | C148: =C147/(C$8+C$16+C$24+C$32+C$40) -> 0.04971454 | D148: =D147/(D$8+D$16+D$24+D$32+D$40) -> 0.033239224 | E148: =E147/(E$8+E$16+E$24+E$32+E$40) -> 0.032782363 | F148: =F147/(F$8+F$16+F$24+F$32+F$40) -> 0.016556812 | G148: =G147/(G$8+G$16+G$24+G$32+G$40) -> 0.016556929 | H148: =H147/(H$8+H$16+H$24+H$32+H$40) -> 0.016556968 | I148: =I147/(I$8+I$16+I$24+I$32+I$40) -> 0.016556719 | J148: =J147/(J$8+J$16+J$24+J$32+J$40) -> 0.016556781
F151: 3371 | G151: 4205.7018 | H151: 6190.0552 | I151: 8567.5475 | J151: 11879.042
B152: Management | F152: =F151/(F$12+F$20+F$28+F$36+F$44) -> 0.016556808 | G152: =G151/(G$12+G$20+G$28+G$36+G$44) -> 0.014987242 | H152: =H151/(H$12+H$20+H$28+H$36+H$44) -> 0.015995206 | I152: =I151/(I$12+I$20+I$28+I$36+I$44) -> 0.017166966 | J152: =J151/(J$12+J$20+J$28+J$36+J$44) -> 0.019877197

Sheet Projections
B2: Nvidia Projections
C4: Equity Research Case | I4: Management Case
B5: Income Statement | C5: 46052 | D5: 46417 | E5: 46782 | F5: 47148 | G5: 47513 | I5: 46052 | J5: 46417 | K5: 46782 | L5: 47148 | M5: 47513
B6: Data Center Revenue | C6: 182241.1 | D6: 237531.2 | E6: 267530.7 | F6: 294283.8 | G6: 323712.2 | I6: 182241.09 | J6: 255137.52 | K6: 357192.53 | L6: 464350.29 | M6: 557220.34
B7: Gaming Revenue | C7: 16188.5 | D7: 17499.2 | E7: 19494.9 | F7: 21151.9 | G7: 22632.6 | I7: 16188.494 | J7: 18713.899 | K7: 21053.136 | L7: 23579.513 | M7: 26409.054
B8: Professional Visualization Revenue | C8: 2248.6 | D8: 2546.2 | E8: 2737.1 | F8: 2874 | G8: 3017.7 | I8: 2248.6348 | J8: 2639.8972 | K8: 2917.0864 | L8: 3150.4533 | M8: 3402.4896
B9: Automotive Revenue | C9: 2444.8 | D9: 3548.7 | E9: 5158.4 | F9: 7221.7 | G9: 9388.3 | I9: 2444.8405 | J9: 3545.0188 | K9: 5140.2772 | L9: 7196.3881 | M9: 9715.1239
B10: OEM and Other Revenue | C10: 479 | D10: 559.7 | E10: 616.1 | F10: 668.5 | G10: 715.2 | I10: 478.99342 | J10: 582.45599 | K10: 691.37526 | L10: 795.08155 | M10: 874.58971
B11: Cost of Revenue | C11: -59672.6 | D11: -71425 | E11: -75462.2 | F11: -83181 | G11: -91663.8 | I11: -59672.589 | J11: -73241.504 | K11: -98683.573 | L11: -124767.93 | M11: -146417.29
B12: Research and Development Costs | C12: -17511.7 | D12: -20149.7 | E12: -22041.5 | F12: -24465 | G12: -26959.9 | I12: -17511.71 | J12: -19643.315 | K12: -27089.608 | L12: -34935.021 | M12: -41833.512
B13: Sales, General and Administrative Costs | C13: -4317.2 | D13: -4619.5 | E13: -4806.4 | F13: -5219.2 | G13: -5751.5 | I13: -4317.2 | J13: -4489.9007 | K13: -5417.9216 | L13: -6487.9324 | M13: -7171.4592
B14: Acquisition Termination Costs | C14: 0 | D14: 0 | E14: 0 | F14: 0 | G14: 0 | J14: same as equity research case
B15: Other Income, net | C15: 0 | D15: 0 | E15: 0 | F15: 0 | G15: 0 | J15: same as equity research case
B16: Income Tax Rate | C16: 0.166 | D16: 0.165 | E16: 0.165 | F16: 0.165 | G16: 0.165 | J16: same as equity research case
B17: Basic Shares Outstanding | C17: 24235.5 | D17: 23847.1 | E17: 23399.9 | F17: 22993.3 | G17: 22623.7 | J17: same as equity research case
B18: Diluted Shares Outstanding | C18: 24550.5 | D18: 24172.1 | E18: 23739.9 | F18: 23353.3 | G18: 23003.7 | J18: same as equity research case
B20: Statement of Cash Flows
B21: Stock-Based Compensation | C21: 6847.2 | D21: 7674.6 | E21: 8300.7 | F21: 9133.6 | G21: 10065 | I21: 6847.1968 | J21: 7576.7074 | K21: 9287.8657 | L21: 10979.578 | M21: 11952.432
B22: Depreciation Expense | C22: 2120 | D22: 2119.2 | E22: 2575.8 | F22: 2904.8 | G22: 3225.2 | I22: 2120 | J22: 2570.1879 | K22: 3785.944 | L22: 4959.7172 | M22: 5966.216
B23: Amortization Expense | C23: 354 | D23: 236 | E23: 84 | F23: 31 | G23: 10 | J23: same as equity research case
B24: Capital Expenditures | C24: 4827 | D24: 6000 | E24: 7200 | F24: 7828.8 | G24: 8627.2 | I24: 4827 | J24: 5331.757 | K24: 6578.9049 | L24: 7985.1476 | M24: 9561.9456
B25: Change in Accounts Receivables | C25: 12152 | D25: 15618.7 | E25: 17639.2 | F25: 19469.3 | G25: 21454.7 | I25: 12152 | J25: 15160.987 | K25: 22314.313 | L25: 30884.852 | M25: 42822.344
B26: Change in Inventories | C26: 4963 | D26: 6378.8 | E26: 7204 | F26: 7951.4 | G26: 8762.3 | I26: 4963 | J26: 6191.9009 | K26: 9113.3919 | L26: 12613.687 | M26: 17489.08
B27: Change in Prepaid Expenses and Other Current Assets | C27: 412 | D27: 529.5 | E27: 598 | F27: 660.1 | G27: 727.4 | I27: 412 | J27: 514.01636 | K27: 756.5419 | L27: 1047.1165 | M27: 1451.8438
B28: Change in Accounts Payable | C28: 2564 | D28: 3295.4 | E28: 3721.8 | F28: 4107.9 | G28: 4526.8 | I28: 2564 | J28: 3198.8785 | K28: 4708.1879 | L28: 6516.5209 | M28: 9035.261
B29: Change in Accrued and Other Liabilities | C29: 3371 | D29: 4332.7 | E29: 4893.2 | F29: 5400.8 | G29: 5951.6 | I29: 3371 | J29: 4205.7018 | K29: 6190.0552 | L29: 8567.5475 | M29: 11879.042
B30: "Other" Operating Activities | C30: 0 | D30: 0 | E30: 0 | F30: 0 | G30: 0 | J30: same as equity research case
B31: Purchases and Sales of Marketable Securities | C31: 0 | D31: 0 | E31: 0 | F31: 0 | G31: 0 | J31: same as equity research case
B32: Cash Paid for Acquisitions and Investments in Non-Affiliated Entities | C32: 0 | D32: 0 | E32: 0 | F32: 0 | G32: 0 | J32: same as equity research case
B33: Issuance of debt | C33: 0 | D33: 0 | E33: 0 | F33: 0 | G33: 0 | J33: same as equity research case
B34: Repayment of debt | C34: 0 | D34: -1000 | E34: 0 | F34: -1250 | G34: 0 | J34: same as equity research case
B35: Repurchases of common stock | C35: 56095 | D35: 75000 | E35: 95000 | F35: 95000 | G35: 95000 | J35: same as equity research case
B36: Dividends paid (per share) | C36: 0.04 | D36: 0.04 | E36: 0.04 | F36: 0.04 | G36: 0.04 | J36: same as equity research case
B37: "Other" Financing Activities | C37: 0 | D37: 0 | E37: 0 | F37: 0 | G37: 0 | J37: same as equity research case
B38: Interest Rate on Cash & Marketable Securities | C38: 0.035 | D38: 0.035 | E38: 0.03 | F38: 0.025 | G38: 0.02 | J38: same as equity research case
B40: Narrative About Projections | C40: GenAI market: Scaling GenAI will have a meaningful ROI for Nvidia's customers, | I40: Same assumptions on GenAI market
C41: justifying their large CAPEX spend. Compute-intensive hardware
C42: (e.g., networked GPUs) remain the dominant method for scaling Gen AI
C43: Nvidia: Data Center demand for Nvidia products continues on current trajectory | I43: Nvidia: Data Center demand for Nvidia products will continue
C44: (slowing significantly in the next 3-5 years), Nvidia and the industry avoid an | I44: to grow significantly for the next 3-5 years (much higher than the
C45: oversupply problem (where supply of hardware outstrips demand); Nvidia | I45: Street expects); same assumptions on margins and reinvestment
C46: maintains industry-leading gross profit and operating margins despite new | I46: needs
C47: competition; Current levels of reinvestment (R&D, CAPEX) are sufficient for
C48: maintaining industry lead

Sheet Stock Trading
B2: Share Price Over Time
B4: Current Share Price | C4: 181.59
B6: Period | C6: Return | D6: Min | E6: Average | F6: Max
B7: Last 1 Month | C7: =$C$4/C37-1 -> 0.10678369 | D7: =MIN($C$15:$C$37) -> 164.07 | E7: =AVERAGE($C$15:$C$37) -> 175.6113 | F7: =MAX($C$15:$C$37) -> 183.16
B8: Last 3 Months | C8: =$C$4/C77-1 -> 0.34173193 | D8: =MIN($C$15:$C$77) -> 131.29 | E8: =AVERAGE($C$15:$C$77) -> 156.33429 | F8: =MAX($C$15:$C$77) -> 183.16
B9: Last 6 Months | C9: =$C$4/C138-1 -> 0.30781419 | D9: =MIN($C$15:$C$138) -> 94.31 | E9: =AVERAGE($C$15:$C$138) -> 135.96911 | F9: =MAX($C$15:$C$138) -> 183.16
B10: Last 12 Months | C10: =$C$4/C264-1 -> 0.53785569 | D10: =MIN($C$15:$C$264) -> 94.31 | E10: =AVERAGE($C$15:$C$264) -> 133.88086 | F10: =MAX($C$15:$C$264) -> 183.16
B11: Last 5 Years | C11: =$C$4/C1269-1 -> 14.703044 | D11: =MIN($C$15:$C$1269) -> 11.227 | E11: =AVERAGE($C$15:C1269) -> 54.100671 | F11: =MAX($C$15:$C$1269) -> 183.16
B14: Date | C14: Share price
B15: 45882 | C15: 181.59
B16: 45881 | C16: 183.16
B17: 45880 | C17: 182.06
B18: 45877 | C18: 182.7
B19: 45876 | C19: 180.77
B20: 45875 | C20: 179.42
B21: 45874 | C21: 178.26
B22: 45873 | C22: 180
B23: 45870 | C23: 173.72
B24: 45869 | C24: 177.87
B25: 45868 | C25: 179.27
B26: 45867 | C26: 175.51
... B1269: 44057 | C1269: 11.564

Sheet _CIQHiddenCacheSheet

Sheet Comps
A1: 45882
B2: Comparable Companies Valuation Range | F2: Comparable Companies Analysis | AB2: USD | AC2: USD | AD2: USD | AE2: USD | AF2: USD | AG2: USD | AH2: USD | AI2: USD | AJ2: USD | AK2: USD
F3: $$MM, unless otherwise noted | Z3: IQ_COMPANY_NAME | AA3: IQ_COUNTRY_NAME | AB3: IQ_LASTSALEPRICE | AC3: IQ_MARKETCAP | AD3: IQ_TEV | AE3: IQ_TOTAL_REV | AF3: IQ_REVENUE_MEDIAN_EST_CIQ | AG3: IQ_REVENUE_MEDIAN_EST_CIQ | AH3: IQ_REVENUE_MEDIAN_EST_CIQ | AI3: IQ_EBITDA_MEDIAN_EST_CIQ | AJ3: IQ_EBITDA_MEDIAN_EST_CIQ | AK3: IQ_EBITDA_MEDIAN_EST_CIQ
C4: Revenue Multiple | F4: =A1 -> 45882 | AE4: CY 2024 | AF4: CY 2025 | AG4: CY 2026 | AH4: CY 2027 | AI4: CY 2025 | AJ4: CY 2026 | AK4: CY 2027
B5: Valuation Build | C5: Low | D5: High
B6: Revenue Multiple | C6: 17 | D6: 20 | H6: Current Trading Value | L6: Enterprise Value / Revenue | P6: Revenue CAGR | R6: Enterprise Value / EBITDA | V6: EBITDA Margin
B7: NTM Revenue | C7: =AF8*4/12+AG8*8/12 -> 248637.14 | D7: =C7 -> 248637.14 | F7: Company | G7: Headquarters | H7: Share Price | I7: Market Cap | J7: Enterprise Value | L7: NTM | M7: CY 2026E | N7: CY 2027E | P7: CY '24-'27 | R7: NTM | S7: CY 2026E | T7: CY 2027E | V7: CY 2025E
B8: Enterprise Value | C8: =C6*C7 -> 4226831.4 | D8: =D6*D7 -> 4972742.8 | F8: =Z8 -> NVIDIA Corporation | G8: =AA8 -> United States | H8: =AB8 -> 181.59 | I8: =AC8 -> 4481096.4 | J8: =AD8 -> 4432665.4 | L8: =J8/(AF8*4/12+AG8*8/12) -> 17.827849 | M8: =J8/AG8 -> 16.165768 | N8: =J8/AH8 -> 11.722604 | P8: =(AH8/AE8)^(1/3)-1 -> 0.44741322 | R8: =J8/(AI8*4/12+AJ8*8/12) -> 27.532597 | S8: =J8/AJ8 -> 24.499707 | T8: =J8/AK8 -> 17.483239 | V8: =AI8/AF8 -> 0.61331803 | Y8: NVDA | Z8: =_xll.ciqfunctions.udf.CIQ($Y8,$Z$3) -> NVIDIA Corporation | AA8: =_xll.ciqfunctions.udf.CIQ($Y8,$AA$3) -> United States | AB8: =Control!F6 -> 181.59 | AC8: =Control!F8 -> 4481096.4 | AD8: =Control!F12 -> 4432665.4 | AE8: ='Operating Model'!D17*1/12+'Operating Model'!E17*11/12 -> 124699.08 | AF8: ='Operating Model'!E17*1/12+'Operating Model'!F17*11/12 -> 197509.96 | AG8: ='Operating Model'!F17*1/12+'Operating Model'!G17*11/12 -> 274200.73 | AH8: ='Operating Model'!G17*1/12+'Operating Model'!H17*11/12 -> 378129.77 | AI8: ='Operating Model'!E37*1/12+'Operating Model'!F37*11/12 -> 121136.42 | AJ8: ='Operating Model'!F37*1/12+'Operating Model'!G37*11/12 -> 180927.28 | AK8: ='Operating Model'!G37*1/12+'Operating Model'!H37*11/12 -> 253538
B9: Less: Net Debt and Other | C9: =-Control!$F$11-Control!$F$10-Control!$F$9 -> 48431 | D9: =C9 -> 48431
B10: Equity Value | C10: =C8+C9 -> 4275262.4 | D10: =D8+D9 -> 5021173.8 | F10: AI Focused Semiconductor Peers
B11: Fully Diluted Shares | C11: =Control!$I$10 -> 24677 | D11: =C11 -> 24677 | F11: =Z11 -> Broadcom Inc. | G11: =AA11 -> United States | H11: =AB11 -> 309.09 | I11: =AC11 -> 1453795.8 | J11: =AD11 -> 1511605.8 | L11: =J11/(AF11*4/12+AG11*8/12) -> 20.035451 | M11: =J11/AG11 -> 18.756756 | N11: =J11/AH11 -> 16.224343 | P11: =(AH11/AE11)^(1/3)-1 -> 0.19549556 | R11: =J11/(AI11*4/12+AJ11*8/12) -> 30.268048 | S11: =J11/AJ11 -> 28.305679 | T11: =J11/AK11 -> 24.705996 | V11: =AI11/AF11 -> 0.66016317 | Y11: AVGO | Z11: =_xll.ciqfunctions.udf.CIQ($Y11,$Z$3) -> Broadcom Inc. | AA11: =_xll.ciqfunctions.udf.CIQ($Y11,$AA$3) -> United States | AB11: =_xll.ciqfunctions.udf.CIQ($Y11,AB$3,$A$1,$AB$2) -> 309.09 | AC11: =_xll.ciqfunctions.udf.CIQ($Y11,AC$3,$A$1,$AC$2) -> 1453795.8 | AD11: =_xll.ciqfunctions.udf.CIQ($Y11,AD$3,$A$1,$AC$2) -> 1511605.8 | AE11: =_xll.ciqfunctions.udf.CIQ($Y11,AE$3,AE$4,$A$1,,,AE$2) -> 54529 | AF11: =_xll.ciqfunctions.udf.CIQ($Y11,AF$3,AF$4,$A$1,,,AF$2) -> 65159.8 | AG11: =_xll.ciqfunctions.udf.CIQ($Y11,AG$3,AG$4,$A$1,,,AG$2) -> 80589.939 | AH11: =_xll.ciqfunctions.udf.CIQ($Y11,AH$3,AH$4,$A$1,,,AH$2) -> 93169 | AI11: =_xll.ciqfunctions.udf.CIQ($Y11,AI$3,AI$4,$A$1,,,AI$2) -> 43016.1 | AJ11: =_xll.ciqfunctions.udf.CIQ($Y11,AJ$3,AJ$4,$A$1,,,AJ$2) -> 53402.917 | AK11: =_xll.ciqfunctions.udf.CIQ($Y11,AK$3,AK$4,$A$1,,,AK$2) -> 61183.765
B12: Implied Price Per Share | C12: =C10/C11 -> 173.24887 | D12: =D10/D11 -> 203.47586 | F12: =Z12 -> Advanced Micro Devices, Inc. | G12: =AA12 -> United States | H12: =AB12 -> 184.42 | I12: =AC12 -> 299284.83 | J12: =AD12 -> 297303.83 | L12: =J12/(AF12*4/12+AG12*8/12) -> 7.927926 | M12: =J12/AG12 -> 7.4736072 | N12: =J12/AH12 -> 6.3956939 | P12: =(AH12/AE12)^(1/3)-1 -> 0.21706909 | R12: =J12/(AI12*4/12+AJ12*8/12) -> 32.311892 | S12: =J12/AJ12 -> 28.591031 | T12: =J12/AK12 -> 22.174442 | V12: =AI12/AF12 -> 0.20661464 | Y12: AMD | Z12: =_xll.ciqfunctions.udf.CIQ($Y12,$Z$3) -> Advanced Micro Devices, Inc. | AA12: =_xll.ciqfunctions.udf.CIQ($Y12,$AA$3) -> United States | AB12: =_xll.ciqfunctions.udf.CIQ($Y12,AB$3,$A$1,$AB$2) -> 184.42 | AC12: =_xll.ciqfunctions.udf.CIQ($Y12,AC$3,$A$1,$AC$2) -> 299284.83 | AD12: =_xll.ciqfunctions.udf.CIQ($Y12,AD$3,$A$1,$AC$2) -> 297303.83 | AE12: =_xll.ciqfunctions.udf.CIQ($Y12,AE$3,AE$4,$A$1,,,AE$2) -> 25785 | AF12: =_xll.ciqfunctions.udf.CIQ($Y12,AF$3,AF$4,$A$1,,,AF$2) -> 32941.5 | AG12: =_xll.ciqfunctions.udf.CIQ($Y12,AG$3,AG$4,$A$1,,,AG$2) -> 39780.5 | AH12: =_xll.ciqfunctions.udf.CIQ($Y12,AH$3,AH$4,$A$1,,,AH$2) -> 46485 | AI12: =_xll.ciqfunctions.udf.CIQ($Y12,AI$3,AI$4,$A$1,,,AI$2) -> 6806.196 | AJ12: =_xll.ciqfunctions.udf.CIQ($Y12,AJ$3,AJ$4,$A$1,,,AJ$2) -> 10398.5 | AK12: =_xll.ciqfunctions.udf.CIQ($Y12,AK$3,AK$4,$A$1,,,AK$2) -> 13407.5
F13: =Z13 -> Marvell Technology, Inc. | G13: =AA13 -> United States | H13: =AB13 -> 79.32 | I13: =AC13 -> 68389.704 | J13: =AD13 -> 72015.804 | L13: =J13/(AF13*4/12+AG13*8/12) -> 7.7646048 | M13: =J13/AG13 -> 7.3496764 | N13: =J13/AH13 -> 6.3615392 | P13: =(AH13/AE13)^(1/3)-1 -> 0.25207695 | R13: =J13/(AI13*4/12+AJ13*8/12) -> 19.479953 | S13: =J13/AJ13 -> 18.366693 | T13: =J13/AK13 -> 16.198892 | V13: =AI13/AF13 -> 0.39485834 | Y13: MRVL | Z13: =_xll.ciqfunctions.udf.CIQ($Y13,$Z$3) -> Marvell Technology, Inc. | AA13: =_xll.ciqfunctions.udf.CIQ($Y13,$AA$3) -> United States | AB13: =_xll.ciqfunctions.udf.CIQ($Y13,AB$3,$A$1,$AB$2) -> 79.32 | AC13: =_xll.ciqfunctions.udf.CIQ($Y13,AC$3,$A$1,$AC$2) -> 68389.704 | AD13: =_xll.ciqfunctions.udf.CIQ($Y13,AD$3,$A$1,$AC$2) -> 72015.804 | AE13: =_xll.ciqfunctions.udf.CIQ($Y13,AE$3,AE$4,$A$1,,,AE$2) -> 5767.3 | AF13: =_xll.ciqfunctions.udf.CIQ($Y13,AF$3,AF$4,$A$1,,,AF$2) -> 8227.65 | AG13: =_xll.ciqfunctions.udf.CIQ($Y13,AG$3,AG$4,$A$1,,,AG$2) -> 9798.5 | AH13: =_xll.ciqfunctions.udf.CIQ($Y13,AH$3,AH$4,$A$1,,,AH$2) -> 11320.5 | AI13: =_xll.ciqfunctions.udf.CIQ($Y13,AI$3,AI$4,$A$1,,,AI$2) -> 3248.7562 | AJ13: =_xll.ciqfunctions.udf.CIQ($Y13,AJ$3,AJ$4,$A$1,,,AJ$2) -> 3921 | AK13: =_xll.ciqfunctions.udf.CIQ($Y13,AK$3,AK$4,$A$1,,,AK$2) -> 4445.7241
C14: EBITDA Multiple
B15: Valuation Build | C15: Low | D15: High | F15: Mean | I15: =AVERAGE(I11:I13) -> 607156.79 | J15: =AVERAGE(J11:J13) -> 626975.16 | L15: =AVERAGE(L11:L13) -> 11.909327 | M15: =AVERAGE(M11:M13) -> 11.193347 | N15: =AVERAGE(N11:N13) -> 9.6605255 | P15: =AVERAGE(P11:P13) -> 0.2215472 | R15: =AVERAGE(R11:R13) -> 27.353298 | S15: =AVERAGE(S11:S13) -> 25.087801 | T15: =AVERAGE(T11:T13) -> 21.026443 | V15: =AVERAGE(V11:V13) -> 0.42054538
B16: EBITDA Multiple | C16: 26 | D16: 30 | F16: Median | I16: =MEDIAN(I11:I13) -> 299284.83 | J16: =MEDIAN(J11:J13) -> 297303.83 | L16: =MEDIAN(L11:L13) -> 7.927926 | M16: =MEDIAN(M11:M13) -> 7.4736072 | N16: =MEDIAN(N11:N13) -> 6.3956939 | P16: =MEDIAN(P11:P13) -> 0.21706909 | R16: =MEDIAN(R11:R13) -> 30.268048 | S16: =MEDIAN(S11:S13) -> 28.305679 | T16: =MEDIAN(T11:T13) -> 22.174442 | V16: =MEDIAN(V11:V13) -> 0.39485834
B17: NTM EBITDA | C17: =AI8*4/12+AJ8*8/12 -> 160997 | D17: =C17 -> 160997
B18: Enterprise Value | C18: =C16*C17 -> 4185921.9 | D18: =D16*D17 -> 4829909.9 | F18: Digital Semiconductor Peers
B19: Less: Net Debt and Other | C19: =-Control!$F$11-Control!$F$10-Control!$F$9 -> 48431 | D19: =C19 -> 48431 | F19: =Z19 -> TSMC | G19: =AA19 -> Taiwan | H19: =AB19 -> 40.09087 | I19: =AC19 -> 1039661.2 | J19: =AD19 -> 984331.72 | L19: =J19/(AF19*4/12+AG19*8/12) -> 7.3118512 | M19: =J19/AG19 -> 6.9767777 | N19: =J19/AH19 -> 5.853809 | P19: =(AH19/AE19)^(1/3)-1 -> 0.23952625 | R19: =J19/(AI19*4/12+AJ19*8/12) -> 10.762157 | S19: =J19/AJ19 -> 10.311132 | T19: =J19/AK19 -> 8.9232594 | V19: =AI19/AF19 -> 0.6858456 | Y19: TWSE:2330 | Z19: TSMC | AA19: =_xll.ciqfunctions.udf.CIQ($Y19,$AA$3) -> Taiwan | AB19: =_xll.ciqfunctions.udf.CIQ($Y19,AB$3,$A$1,$AB$2) -> 40.09087 | AC19: =_xll.ciqfunctions.udf.CIQ($Y19,AC$3,$A$1,$AC$2) -> 1039661.2 | AD19: =_xll.ciqfunctions.udf.CIQ($Y19,AD$3,$A$1,$AC$2) -> 984331.72 | AE19: =_xll.ciqfunctions.udf.CIQ($Y19,AE$3,AE$4,$A$1,,,AE$2) -> 88294.926 | AF19: =_xll.ciqfunctions.udf.CIQ($Y19,AF$3,AF$4,$A$1,,,AF$2) -> 121690.49 | AG19: =_xll.ciqfunctions.udf.CIQ($Y19,AG$3,AG$4,$A$1,,,AG$2) -> 141086.87 | AH19: =_xll.ciqfunctions.udf.CIQ($Y19,AH$3,AH$4,$A$1,,,AH$2) -> 168152.35 | AI19: =_xll.ciqfunctions.udf.CIQ($Y19,AI$3,AI$4,$A$1,,,AI$2) -> 83460.888 | AJ19: =_xll.ciqfunctions.udf.CIQ($Y19,AJ$3,AJ$4,$A$1,,,AJ$2) -> 95463.012 | AK19: =_xll.ciqfunctions.udf.CIQ($Y19,AK$3,AK$4,$A$1,,,AK$2) -> 110310.78
B20: Equity Value | C20: =C18+C19 -> 4234352.9 | D20: =D18+D19 -> 4878340.9 | F20: =Z20 -> ASML Holding N.V. | G20: =AA20 -> Netherlands | H20: =AB20 -> 750.4686 | I20: =AC20 -> 290662.67 | J20: =AD20 -> 286503.81 | L20: =J20/(AF20*4/12+AG20*8/12) -> 7.3868007 | M20: =J20/AG20 -> 7.3074865 | N20: =J20/AH20 -> 6.4357803 | P20: =(AH20/AE20)^(1/3)-1 -> 0.15013339 | R20: =J20/(AI20*4/12+AJ20*8/12) -> 20.088078 | S20: =J20/AJ20 -> 19.866851 | T20: =J20/AK20 -> 16.661186 | V20: =AI20/AF20 -> 0.36750889 | Y20: ASML | Z20: =_xll.ciqfunctions.udf.CIQ($Y20,$Z$3) -> ASML Holding N.V. | AA20: =_xll.ciqfunctions.udf.CIQ($Y20,$AA$3) -> Netherlands | AB20: =_xll.ciqfunctions.udf.CIQ($Y20,AB$3,$A$1,$AB$2) -> 750.4686 | AC20: =_xll.ciqfunctions.udf.CIQ($Y20,AC$3,$A$1,$AC$2) -> 290662.67 | AD20: =_xll.ciqfunctions.udf.CIQ($Y20,AD$3,$A$1,$AC$2) -> 286503.81 | AE20: =_xll.ciqfunctions.udf.CIQ($Y20,AE$3,AE$4,$A$1,,,AE$2) -> 29260.69 | AF20: =_xll.ciqfunctions.udf.CIQ($Y20,AF$3,AF$4,$A$1,,,AF$2) -> 37943.962 | AG20: =_xll.ciqfunctions.udf.CIQ($Y20,AG$3,AG$4,$A$1,,,AG$2) -> 39206.888 | AH20: =_xll.ciqfunctions.udf.CIQ($Y20,AH$3,AH$4,$A$1,,,AH$2) -> 44517.338 | AI20: =_xll.ciqfunctions.udf.CIQ($Y20,AI$3,AI$4,$A$1,,,AI$2) -> 13944.743 | AJ20: =_xll.ciqfunctions.udf.CIQ($Y20,AJ$3,AJ$4,$A$1,,,AJ$2) -> 14421.199 | AK20: =_xll.ciqfunctions.udf.CIQ($Y20,AK$3,AK$4,$A$1,,,AK$2) -> 17195.883
B21: Fully Diluted Shares | C21: =Control!$I$10 -> 24677 | D21: =C21 -> 24677 | F21: =Z21 -> QUALCOMM Incorporated | G21: =AA21 -> United States | H21: =AB21 -> 156.59 | I21: =AC21 -> 168738.41 | J21: =AD21 -> 173515.41 | L21: =J21/(AF21*4/12+AG21*8/12) -> 3.9273112 | M21: =J21/AG21 -> 3.8838749 | N21: =J21/AH21 -> 3.7886309 | P21: =(AH21/AE21)^(1/3)-1 -> 0.040162864 | R21: =J21/(AI21*4/12+AJ21*8/12) -> 10.809817 | S21: =J21/AJ21 -> 10.953775 | T21: =J21/AK21 -> 10.067259 | V21: =AI21/AF21 -> 0.38138981 | Y21: QCOM | Z21: =_xll.ciqfunctions.udf.CIQ($Y21,$Z$3) -> QUALCOMM Incorporated | AA21: =_xll.ciqfunctions.udf.CIQ($Y21,$AA$3) -> United States | AB21: =_xll.ciqfunctions.udf.CIQ($Y21,AB$3,$A$1,$AB$2) -> 156.59 | AC21: =_xll.ciqfunctions.udf.CIQ($Y21,AC$3,$A$1,$AC$2) -> 168738.41 | AD21: =_xll.ciqfunctions.udf.CIQ($Y21,AD$3,$A$1,$AC$2) -> 173515.41 | AE21: =_xll.ciqfunctions.udf.CIQ($Y21,AE$3,AE$4,$A$1,,,AE$2) -> 40696 | AF21: =_xll.ciqfunctions.udf.CIQ($Y21,AF$3,AF$4,$A$1,,,AF$2) -> 43193.499 | AG21: =_xll.ciqfunctions.udf.CIQ($Y21,AG$3,AG$4,$A$1,,,AG$2) -> 44675.85 | AH21: =_xll.ciqfunctions.udf.CIQ($Y21,AH$3,AH$4,$A$1,,,AH$2) -> 45798.975 | AI21: =_xll.ciqfunctions.udf.CIQ($Y21,AI$3,AI$4,$A$1,,,AI$2) -> 16473.56 | AJ21: =_xll.ciqfunctions.udf.CIQ($Y21,AJ$3,AJ$4,$A$1,,,AJ$2) -> 15840.696 | AK21: =_xll.ciqfunctions.udf.CIQ($Y21,AK$3,AK$4,$A$1,,,AK$2) -> 17235.616
B22: Implied Price Per Share | C22: =C20/C21 -> 171.59107 | D22: =D20/D21 -> 197.68776 | F22: =Z22 -> Texas Instruments Incorporated | G22: =AA22 -> United States | H22: =AB22 -> 193.29 | I22: =AC22 -> 175727.12 | J22: =AD22 -> 184411.12 | L22: =J22/(AF22*4/12+AG22*8/12) -> 9.8033663 | M22: =J22/AG22 -> 9.505728 | N22: =J22/AH22 -> 8.7270419 | P22: =(AH22/AE22)^(1/3)-1 -> 0.10548243 | R22: =J22/(AI22*4/12+AJ22*8/12) -> 20.305962 | S22: =J22/AJ22 -> 19.25688 | T22: =J22/AK22 -> 16.887682 | V22: =AI22/AF22 -> 0.45891919 | Y22: TXN | Z22: =_xll.ciqfunctions.udf.CIQ($Y22,$Z$3) -> Texas Instruments Incorporated | AA22: =_xll.ciqfunctions.udf.CIQ($Y22,$AA$3) -> United States | AB22: =_xll.ciqfunctions.udf.CIQ($Y22,AB$3,$A$1,$AB$2) -> 193.29 | AC22: =_xll.ciqfunctions.udf.CIQ($Y22,AC$3,$A$1,$AC$2) -> 175727.12 | AD22: =_xll.ciqfunctions.udf.CIQ($Y22,AD$3,$A$1,$AC$2) -> 184411.12 | AE22: =_xll.ciqfunctions.udf.CIQ($Y22,AE$3,AE$4,$A$1,,,AE$2) -> 15641 | AF22: =_xll.ciqfunctions.udf.CIQ($Y22,AF$3,AF$4,$A$1,,,AF$2) -> 17633 | AG22: =_xll.ciqfunctions.udf.CIQ($Y22,AG$3,AG$4,$A$1,,,AG$2) -> 19400 | AH22: =_xll.ciqfunctions.udf.CIQ($Y22,AH$3,AH$4,$A$1,,,AH$2) -> 21131 | AI22: =_xll.ciqfunctions.udf.CIQ($Y22,AI$3,AI$4,$A$1,,,AI$2) -> 8092.122 | AJ22: =_xll.ciqfunctions.udf.CIQ($Y22,AJ$3,AJ$4,$A$1,,,AJ$2) -> 9576.376 | AK22: =_xll.ciqfunctions.udf.CIQ($Y22,AK$3,AK$4,$A$1,,,AK$2) -> 10919.86
F23: =Z23 -> Arm Holdings plc | G23: =AA23 -> United Kingdom | H23: =AB23 -> 141.6 | I23: =AC23 -> 149954.4 | J23: =AD23 -> 147444.4 | L23: =J23/(AF23*4/12+AG23*8/12) -> 28.290285 | M23: =J23/AG23 -> 26.324969 | N23: =J23/AH23 -> 23.105762 | P23: =(AH23/AE23)^(1/3)-1 -> 0.19987783 | R23: =J23/(AI23*4/12+AJ23*8/12) -> 54.38396 | S23: =J23/AJ23 -> 48.163559 | T23: =J23/AK23 -> 38.611013 | V23: =AI23/AF23 -> 0.45354724 | Y23: ARM | Z23: =_xll.ciqfunctions.udf.CIQ($Y23,$Z$3) -> Arm Holdings plc | AA23: =_xll.ciqfunctions.udf.CIQ($Y23,$AA$3) -> United Kingdom | AB23: =_xll.ciqfunctions.udf.CIQ($Y23,AB$3,$A$1,$AB$2) -> 141.6 | AC23: =_xll.ciqfunctions.udf.CIQ($Y23,AC$3,$A$1,$AC$2) -> 149954.4 | AD23: =_xll.ciqfunctions.udf.CIQ($Y23,AD$3,$A$1,$AC$2) -> 147444.4 | AE23: =_xll.ciqfunctions.udf.CIQ($Y23,AE$3,AE$4,$A$1,,,AE$2) -> 3694 | AF23: =_xll.ciqfunctions.udf.CIQ($Y23,AF$3,AF$4,$A$1,,,AF$2) -> 4433.6493 | AG23: =_xll.ciqfunctions.udf.CIQ($Y23,AG$3,AG$4,$A$1,,,AG$2) -> 5600.9334 | AH23: =_xll.ciqfunctions.udf.CIQ($Y23,AH$3,AH$4,$A$1,,,AH$2) -> 6381.2826 | AI23: =_xll.ciqfunctions.udf.CIQ($Y23,AI$3,AI$4,$A$1,,,AI$2) -> 2010.8694 | AJ23: =_xll.ciqfunctions.udf.CIQ($Y23,AJ$3,AJ$4,$A$1,,,AJ$2) -> 3061.3269 | AK23: =_xll.ciqfunctions.udf.CIQ($Y23,AK$3,AK$4,$A$1,,,AK$2) -> 3818.7136
F24: =Z24 -> Intel Corporation | G24: =AA24 -> United States | H24: =AB24 -> 22.22 | I24: =AC24 -> 97256.94 | J24: =AD24 -> 134208.94 | L24: =J24/(AF24*4/12+AG24*8/12) -> 2.5262067 | M24: =J24/AG24 -> 2.5000268 | N24: =J24/AH24 -> 2.3506375 | P24: =(AH24/AE24)^(1/3)-1 -> 0.024466339 | R24: =J24/(AI24*4/12+AJ24*8/12) -> 8.3627233 | S24: =J24/AJ24 -> 7.5935804 | T24: =J24/AK24 -> 5.8242824 | V24: =AI24/AF24 -> 0.24603798 | Y24: INTC | Z24: =_xll.ciqfunctions.udf.CIQ($Y24,$Z$3) -> Intel Corporation | AA24: =_xll.ciqfunctions.udf.CIQ($Y24,$AA$3) -> United States | AB24: =_xll.ciqfunctions.udf.CIQ($Y24,AB$3,$A$1,$AB$2) -> 22.22 | AC24: =_xll.ciqfunctions.udf.CIQ($Y24,AC$3,$A$1,$AC$2) -> 97256.94 | AD24: =_xll.ciqfunctions.udf.CIQ($Y24,AD$3,$A$1,$AC$2) -> 134208.94 | AE24: =_xll.ciqfunctions.udf.CIQ($Y24,AE$3,AE$4,$A$1,,,AE$2) -> 53101 | AF24: =_xll.ciqfunctions.udf.CIQ($Y24,AF$3,AF$4,$A$1,,,AF$2) -> 52014 | AG24: =_xll.ciqfunctions.udf.CIQ($Y24,AG$3,AG$4,$A$1,,,AG$2) -> 53683 | AH24: =_xll.ciqfunctions.udf.CIQ($Y24,AH$3,AH$4,$A$1,,,AH$2) -> 57094.698 | AI24: =_xll.ciqfunctions.udf.CIQ($Y24,AI$3,AI$4,$A$1,,,AI$2) -> 12797.419 | AJ24: =_xll.ciqfunctions.udf.CIQ($Y24,AJ$3,AJ$4,$A$1,,,AJ$2) -> 17674 | AK24: =_xll.ciqfunctions.udf.CIQ($Y24,AK$3,AK$4,$A$1,,,AK$2) -> 23043
F25: =Z25 -> Analog Devices, Inc. | G25: =AA25 -> United States | H25: =AB25 -> 237.63 | I25: =AC25 -> 117923.46 | J25: =AD25 -> 122766.24 | L25: =J25/(AF25*4/12+AG25*8/12) -> 10.525044 | M25: =J25/AG25 -> 10.167987 | N25: =J25/AH25 -> 9.1741003 | P25: =(AH25/AE25)^(1/3)-1 -> 0.12743882 | R25: =J25/(AI25*4/12+AJ25*8/12) -> 23.403363 | S25: =J25/AJ25 -> 22.428793 | T25: =J25/AK25 -> 18.716498 | V25: =AI25/AF25 -> 0.44165952 | Y25: ADI | Z25: =_xll.ciqfunctions.udf.CIQ($Y25,$Z$3) -> Analog Devices, Inc. | AA25: =_xll.ciqfunctions.udf.CIQ($Y25,$AA$3) -> United States | AB25: =_xll.ciqfunctions.udf.CIQ($Y25,AB$3,$A$1,$AB$2) -> 237.63 | AC25: =_xll.ciqfunctions.udf.CIQ($Y25,AC$3,$A$1,$AC$2) -> 117923.46 | AD25: =_xll.ciqfunctions.udf.CIQ($Y25,AD$3,$A$1,$AC$2) -> 122766.24 | AE25: =_xll.ciqfunctions.udf.CIQ($Y25,AE$3,AE$4,$A$1,,,AE$2) -> 9337.627 | AF25: =_xll.ciqfunctions.udf.CIQ($Y25,AF$3,AF$4,$A$1,,,AF$2) -> 10845.006 | AG25: =_xll.ciqfunctions.udf.CIQ($Y25,AG$3,AG$4,$A$1,,,AG$2) -> 12073.8 | AH25: =_xll.ciqfunctions.udf.CIQ($Y25,AH$3,AH$4,$A$1,,,AH$2) -> 13381.829 | AI25: =_xll.ciqfunctions.udf.CIQ($Y25,AI$3,AI$4,$A$1,,,AI$2) -> 4789.8 | AJ25: =_xll.ciqfunctions.udf.CIQ($Y25,AJ$3,AJ$4,$A$1,,,AJ$2) -> 5473.6 | AK25: =_xll.ciqfunctions.udf.CIQ($Y25,AK$3,AK$4,$A$1,,,AK$2) -> 6559.2527
F27: Mean | I27: =AVERAGE(I19:I25) -> 291417.74 | J27: =AVERAGE(J19:J25) -> 290454.52 | L27: =AVERAGE(L19:L25) -> 9.9672664 | M27: =AVERAGE(M19:M25) -> 9.5238358 | N27: =AVERAGE(N19:N25) -> 8.4908232 | P27: =AVERAGE(P19:P25) -> 0.12672685 | R27: =AVERAGE(R19:R25) -> 21.159437 | S27: =AVERAGE(S19:S25) -> 19.796367 | T27: =AVERAGE(T19:T25) -> 16.527312 | V27: =AVERAGE(V19:V25) -> 0.43355832
F28: Median | I28: =MEDIAN(I19:I25) -> 168738.41 | J28: =MEDIAN(J19:J25) -> 173515.41 | L28: =MEDIAN(L19:L25) -> 7.3868007 | M28: =MEDIAN(M19:M25) -> 7.3074865 | N28: =MEDIAN(N19:N25) -> 6.4357803 | P28: =MEDIAN(P19:P25) -> 0.12743882 | R28: =MEDIAN(R19:R25) -> 20.088078 | S28: =MEDIAN(S19:S25) -> 19.25688 | T28: =MEDIAN(T19:T25) -> 16.661186 | V28: =MEDIAN(V19:V25) -> 0.44165952
F30: Leading Tech Companies
F31: =Z31 -> Microsoft Corporation | G31: =AA31 -> United States | H31: =AB31 -> 520.58 | I31: =AC31 -> 3869557.8 | J31: =AD31 -> 3887176.8 | L31: =J31/(AF31*4/12+AG31*8/12) -> 11.777695 | M31: =J31/AG31 -> 11.230334 | N31: =J31/AH31 -> 9.8121051 | P31: =(AH31/AE31)^(1/3)-1 -> 0.14806474 | R31: =J31/(AI31*4/12+AJ31*8/12) -> 20.169691 | S31: =J31/AJ31 -> 18.933553 | T31: =J31/AK31 -> 16.427942 | V31: =AI31/AF31 -> 0.56251628 | Y31: MSFT | Z31: =_xll.ciqfunctions.udf.CIQ($Y31,$Z$3) -> Microsoft Corporation | AA31: =_xll.ciqfunctions.udf.CIQ($Y31,$AA$3) -> United States | AB31: =_xll.ciqfunctions.udf.CIQ($Y31,AB$3,$A$1,$AB$2) -> 520.58 | AC31: =_xll.ciqfunctions.udf.CIQ($Y31,AC$3,$A$1,$AC$2) -> 3869557.8 | AD31: =_xll.ciqfunctions.udf.CIQ($Y31,AD$3,$A$1,$AC$2) -> 3887176.8 | AE31: =_xll.ciqfunctions.udf.CIQ($Y31,AE$3,AE$4,$A$1,,,AE$2) -> 261802 | AF31: =_xll.ciqfunctions.udf.CIQ($Y31,AF$3,AF$4,$A$1,,,AF$2) -> 297873.16 | AG31: =_xll.ciqfunctions.udf.CIQ($Y31,AG$3,AG$4,$A$1,,,AG$2) -> 346131.88 | AH31: =_xll.ciqfunctions.udf.CIQ($Y31,AH$3,AH$4,$A$1,,,AH$2) -> 396161.35 | AI31: =_xll.ciqfunctions.udf.CIQ($Y31,AI$3,AI$4,$A$1,,,AI$2) -> 167558.5 | AJ31: =_xll.ciqfunctions.udf.CIQ($Y31,AJ$3,AJ$4,$A$1,,,AJ$2) -> 205306.25 | AK31: =_xll.ciqfunctions.udf.CIQ($Y31,AK$3,AK$4,$A$1,,,AK$2) -> 236619.83
F32: =Z32 -> Alphabet Inc. | G32: =AA32 -> United States | H32: =AB32 -> 203.03 | I32: =AC32 -> 2448314.3 | J32: =AD32 -> 2394834.3 | L32: =J32/(AF32*4/12+AG32*8/12) -> 5.6433889 | M32: =J32/AG32 -> 5.4502275 | N32: =J32/AH32 -> 4.9248408 | P32: =(AH32/AE32)^(1/3)-1 -> 0.11582897 | R32: =J32/(AI32*4/12+AJ32*8/12) -> 12.232219 | S32: =J32/AJ32 -> 11.665559 | T32: =J32/AK32 -> 10.151483 | V32: =AI32/AF32 -> 0.44831057 | Y32: GOOG | Z32: =_xll.ciqfunctions.udf.CIQ($Y32,$Z$3) -> Alphabet Inc. | AA32: =_xll.ciqfunctions.udf.CIQ($Y32,$AA$3) -> United States | AB32: =_xll.ciqfunctions.udf.CIQ($Y32,AB$3,$A$1,$AB$2) -> 203.03 | AC32: =_xll.ciqfunctions.udf.CIQ($Y32,AC$3,$A$1,$AC$2) -> 2448314.3 | AD32: =_xll.ciqfunctions.udf.CIQ($Y32,AD$3,$A$1,$AC$2) -> 2394834.3 | AE32: =_xll.ciqfunctions.udf.CIQ($Y32,AE$3,AE$4,$A$1,,,AE$2) -> 350018 | AF32: =_xll.ciqfunctions.udf.CIQ($Y32,AF$3,AF$4,$A$1,,,AF$2) -> 394281.5 | AG32: =_xll.ciqfunctions.udf.CIQ($Y32,AG$3,AG$4,$A$1,,,AG$2) -> 439400.8 | AH32: =_xll.ciqfunctions.udf.CIQ($Y32,AH$3,AH$4,$A$1,,,AH$2) -> 486276.5 | AI32: =_xll.ciqfunctions.udf.CIQ($Y32,AI$3,AI$4,$A$1,,,AI$2) -> 176760.56 | AJ32: =_xll.ciqfunctions.udf.CIQ($Y32,AJ$3,AJ$4,$A$1,,,AJ$2) -> 205291 | AK32: =_xll.ciqfunctions.udf.CIQ($Y32,AK$3,AK$4,$A$1,,,AK$2) -> 235909.8
F33: =Z33 -> Amazon.com, Inc. | G33: =AA33 -> United States | H33: =AB33 -> 224.56 | I33: =AC33 -> 2394912.7 | J33: =AD33 -> 2461302.7 | L33: =J33/(AF33*4/12+AG33*8/12) -> 3.2573563 | M33: =J33/AG33 -> 3.1593723 | N33: =J33/AH33 -> 2.8632411 | P33: =(AH33/AE33)^(1/3)-1 -> 0.10451456 | R33: =J33/(AI33*4/12+AJ33*8/12) -> 13.122661 | S33: =J33/AJ33 -> 12.422239 | T33: =J33/AK33 -> 10.570624 | V33: =AI33/AF33 -> 0.23479557 | Y33: AMZN | Z33: =_xll.ciqfunctions.udf.CIQ($Y33,$Z$3) -> Amazon.com, Inc. | AA33: =_xll.ciqfunctions.udf.CIQ($Y33,$AA$3) -> United States | AB33: =_xll.ciqfunctions.udf.CIQ($Y33,AB$3,$A$1,$AB$2) -> 224.56 | AC33: =_xll.ciqfunctions.udf.CIQ($Y33,AC$3,$A$1,$AC$2) -> 2394912.7 | AD33: =_xll.ciqfunctions.udf.CIQ($Y33,AD$3,$A$1,$AC$2) -> 2461302.7 | AE33: =_xll.ciqfunctions.udf.CIQ($Y33,AE$3,AE$4,$A$1,,,AE$2) -> 637959 | AF33: =_xll.ciqfunctions.udf.CIQ($Y33,AF$3,AF$4,$A$1,,,AF$2) -> 708744.76 | AG33: =_xll.ciqfunctions.udf.CIQ($Y33,AG$3,AG$4,$A$1,,,AG$2) -> 779048 | AH33: =_xll.ciqfunctions.udf.CIQ($Y33,AH$3,AH$4,$A$1,,,AH$2) -> 859621.18 | AI33: =_xll.ciqfunctions.udf.CIQ($Y33,AI$3,AI$4,$A$1,,,AI$2) -> 166410.13 | AJ33: =_xll.ciqfunctions.udf.CIQ($Y33,AJ$3,AJ$4,$A$1,,,AJ$2) -> 198136.8 | AK33: =_xll.ciqfunctions.udf.CIQ($Y33,AK$3,AK$4,$A$1,,,AK$2) -> 232843.66
F34: =Z34 -> Meta Platforms, Inc. | G34: =AA34 -> United States | H34: =AB34 -> 780.08 | I34: =AC34 -> 1959671.3 | J34: =AD34 -> 1962160.3 | L34: =J34/(AF34*4/12+AG34*8/12) -> 9.0390776 | M34: =J34/AG34 -> 8.6260939 | N34: =J34/AH34 -> 7.5831913 | P34: =(AH34/AE34)^(1/3)-1 -> 0.1629775 | R34: =J34/(AI34*4/12+AJ34*8/12) -> 14.81626 | S34: =J34/AJ34 -> 14.122855 | T34: =J34/AK34 -> 12.169795 | V34: =AI34/AF34 -> 0.60842932 | Y34: META | Z34: =_xll.ciqfunctions.udf.CIQ($Y34,$Z$3) -> Meta Platforms, Inc. | AA34: =_xll.ciqfunctions.udf.CIQ($Y34,$AA$3) -> United States | AB34: =_xll.ciqfunctions.udf.CIQ($Y34,AB$3,$A$1,$AB$2) -> 780.08 | AC34: =_xll.ciqfunctions.udf.CIQ($Y34,AC$3,$A$1,$AC$2) -> 1959671.3 | AD34: =_xll.ciqfunctions.udf.CIQ($Y34,AD$3,$A$1,$AC$2) -> 1962160.3 | AE34: =_xll.ciqfunctions.udf.CIQ($Y34,AE$3,AE$4,$A$1,,,AE$2) -> 164501 | AF34: =_xll.ciqfunctions.udf.CIQ($Y34,AF$3,AF$4,$A$1,,,AF$2) -> 196289.85 | AG34: =_xll.ciqfunctions.udf.CIQ($Y34,AG$3,AG$4,$A$1,,,AG$2) -> 227468 | AH34: =_xll.ciqfunctions.udf.CIQ($Y34,AH$3,AH$4,$A$1,,,AH$2) -> 258751.26 | AI34: =_xll.ciqfunctions.udf.CIQ($Y34,AI$3,AI$4,$A$1,,,AI$2) -> 119428.5 | AJ34: =_xll.ciqfunctions.udf.CIQ($Y34,AJ$3,AJ$4,$A$1,,,AJ$2) -> 138935.1 | AK34: =_xll.ciqfunctions.udf.CIQ($Y34,AK$3,AK$4,$A$1,,,AK$2) -> 161232
F36: Mean | I36: =AVERAGE(I31:I34) -> 2668114 | J36: =AVERAGE(J31:J34) -> 2676368.5 | L36: =AVERAGE(L31:L34) -> 7.4293793 | M36: =AVERAGE(M31:M34) -> 7.116507 | N36: =AVERAGE(N31:N34) -> 6.2958446 | P36: =AVERAGE(P31:P34) -> 0.13284644 | R36: =AVERAGE(R31:R34) -> 15.085208 | S36: =AVERAGE(S31:S34) -> 14.286052 | T36: =AVERAGE(T31:T34) -> 12.329961 | V36: =AVERAGE(V31:V34) -> 0.46351294
F37: Median | I37: =AVERAGE(I32:I35) -> 2267632.8 | J37: =AVERAGE(J32:J35) -> 2272765.8 | L37: =AVERAGE(L32:L35) -> 5.9799409 | M37: =AVERAGE(M32:M35) -> 5.7452312 | N37: =AVERAGE(N32:N35) -> 5.1237577 | P37: =AVERAGE(P32:P35) -> 0.12777368 | R37: =AVERAGE(R32:R35) -> 13.39038 | S37: =AVERAGE(S32:S35) -> 12.736885 | T37: =AVERAGE(T32:T35) -> 10.963967 | V37: =AVERAGE(V32:V35) -> 0.43051182
B43: Long-Term Valuation Multiples for Nvidia | F43: Long-Term Valuation Multiples for Nvidia
B44: Date | C44: NTM Revenue | D44: NTM EBITDA | G44: NTM Revenue | H44: NTM EBITDA
B45: 44057 | C45: =ciqfunctions.udf.CIQ($Y$8, "IQ_TEV_TOTAL_REV_FWD", IQ_NTM,$B45) -> #NAME? | D45: =_xll.ciqfunctions.udf.CIQ($Y$8, "IQ_TEV_EBITDA_FWD", IQ_NTM,$B45) -> #CIQINACTIVE | F45: Current | G45: =L8 -> 17.827849 | H45: =R8 -> 27.532597
B46: =IF(WEEKDAY(B45+1)=7,B45+3,B45+1) -> 44060 | C46: =ciqfunctions.udf.CIQ($Y$8, "IQ_TEV_TOTAL_REV_FWD", IQ_NTM,$B46) -> #NAME? | D46: =_xll.ciqfunctions.udf.CIQ($Y$8, "IQ_TEV_EBITDA_FWD", IQ_NTM,$B46) -> #CIQINACTIVE | F46: Last 6 Months Average | G46: =AVERAGE(C1220:C1348) -> #DIV/0! | H46: =AVERAGE(D1220:D1348) -> #DIV/0!
B47: =IF(WEEKDAY(B46+1)=7,B46+3,B46+1) -> 44061 | C47: =_xll.ciqfunctions.udf.CIQ($Y$8, "IQ_TEV_TOTAL_REV_FWD", IQ_NTM,$B47) -> #CIQINACTIVE | D47: =_xll.ciqfunctions.udf.CIQ($Y$8, "IQ_TEV_EBITDA_FWD", IQ_NTM,$B47) -> #CIQINACTIVE | F47: Last 1 Year Average | G47: =AVERAGE(C1088:C1348) -> #DIV/0! | H47: =AVERAGE(D1088:D1348) -> #DIV/0!
B48: =IF(WEEKDAY(B47+1)=7,B47+3,B47+1) -> 44062 | C48: =_xll.ciqfunctions.udf.CIQ($Y$8, "IQ_TEV_TOTAL_REV_FWD", IQ_NTM,$B48) -> #CIQINACTIVE | D48: =_xll.ciqfunctions.udf.CIQ($Y$8, "IQ_TEV_EBITDA_FWD", IQ_NTM,$B48) -> #CIQINACTIVE | F48: Last 3 year Average | G48: =AVERAGE(C566:C1348) -> #DIV/0! | H48: =AVERAGE(D566:D1348) -> #DIV/0!
B49: =IF(WEEKDAY(B48+1)=7,B48+3,B48+1) -> 44063 | C49: =_xll.ciqfunctions.udf.CIQ($Y$8, "IQ_TEV_TOTAL_REV_FWD", IQ_NTM,$B49) -> #CIQINACTIVE | D49: =_xll.ciqfunctions.udf.CIQ($Y$8, "IQ_TEV_EBITDA_FWD", IQ_NTM,$B49) -> #CIQINACTIVE | F49: Last 5 Year Average | G49: =AVERAGE(C45:C1348) -> #NAME? | H49: =AVERAGE(D45:D1348) -> #DIV/0!
B50: =IF(WEEKDAY(B49+1)=7,B49+3,B49+1) -> 44064 | C50: =_xll.ciqfunctions.udf.CIQ($Y$8, "IQ_TEV_TOTAL_REV_FWD", IQ_NTM,$B50) -> #CIQINACTIVE | D50: =_xll.ciqfunctions.udf.CIQ($Y$8, "IQ_TEV_EBITDA_FWD", IQ_NTM,$B50) -> #CIQINACTIVE
B51: =IF(WEEKDAY(B50+1)=7,B50+3,B50+1) -> 44067 | C51: =_xll.ciqfunctions.udf.CIQ($Y$8, "IQ_TEV_TOTAL_REV_FWD", IQ_NTM,$B51) -> #CIQINACTIVE | D51: =_xll.ciqfunctions.udf.CIQ($Y$8, "IQ_TEV_EBITDA_FWD", IQ_NTM,$B51) -> #CIQINACTIVE
B52: =IF(WEEKDAY(B51+1)=7,B51+3,B51+1) -> 44068 | C52: =_xll.ciqfunctions.udf.CIQ($Y$8, "IQ_TEV_TOTAL_REV_FWD", IQ_NTM,$B52) -> #CIQINACTIVE | D52: =_xll.ciqfunctions.udf.CIQ($Y$8, "IQ_TEV_EBITDA_FWD", IQ_NTM,$B52) -> #CIQINACTIVE
B53: =IF(WEEKDAY(B52+1)=7,B52+3,B52+1) -> 44069 | C53: =_xll.ciqfunctions.udf.CIQ($Y$8, "IQ_TEV_TOTAL_REV_FWD", IQ_NTM,$B53) -> #CIQINACTIVE | D53: =_xll.ciqfunctions.udf.CIQ($Y$8, "IQ_TEV_EBITDA_FWD", IQ_NTM,$B53) -> #CIQINACTIVE
B54: =IF(WEEKDAY(B53+1)=7,B53+3,B53+1) -> 44070 | C54: =_xll.ciqfunctions.udf.CIQ($Y$8, "IQ_TEV_TOTAL_REV_FWD", IQ_NTM,$B54) -> #CIQINACTIVE | D54: =_xll.ciqfunctions.udf.CIQ($Y$8, "IQ_TEV_EBITDA_FWD", IQ_NTM,$B54) -> #CIQINACTIVE
B55: =IF(WEEKDAY(B54+1)=7,B54+3,B54+1) -> 44071 | C55: =_xll.ciqfunctions.udf.CIQ($Y$8, "IQ_TEV_TOTAL_REV_FWD", IQ_NTM,$B55) -> #CIQINACTIVE | D55: =_xll.ciqfunctions.udf.CIQ($Y$8, "IQ_TEV_EBITDA_FWD", IQ_NTM,$B55) -> #CIQINACTIVE
B56: =IF(WEEKDAY(B55+1)=7,B55+3,B55+1) -> 44074 | C56: =_xll.ciqfunctions.udf.CIQ($Y$8, "IQ_TEV_TOTAL_REV_FWD", IQ_NTM,$B56) -> #CIQINACTIVE | D56: =_xll.ciqfunctions.udf.CIQ($Y$8, "IQ_TEV_EBITDA_FWD", IQ_NTM,$B56) -> #CIQINACTIVE
B57: =IF(WEEKDAY(B56+1)=7,B56+3,B56+1) -> 44075 | C57: =_xll.ciqfunctions.udf.CIQ($Y$8, "IQ_TEV_TOTAL_REV_FWD", IQ_NTM,$B57) -> #CIQINACTIVE | D57: =_xll.ciqfunctions.udf.CIQ($Y$8, "IQ_TEV_EBITDA_FWD", IQ_NTM,$B57) -> #CIQINACTIVE
B58: =IF(WEEKDAY(B57+1)=7,B57+3,B57+1) -> 44076 | C58: =_xll.ciqfunctions.udf.CIQ($Y$8, "IQ_TEV_TOTAL_REV_FWD", IQ_NTM,$B58) -> #CIQINACTIVE | D58: =_xll.ciqfunctions.udf.CIQ($Y$8, "IQ_TEV_EBITDA_FWD", IQ_NTM,$B58) -> #CIQINACTIVE
B59: =IF(WEEKDAY(B58+1)=7,B58+3,B58+1) -> 44077 | C59: =_xll.ciqfunctions.udf.CIQ($Y$8, "IQ_TEV_TOTAL_REV_FWD", IQ_NTM,$B59) -> #CIQINACTIVE | D59: =_xll.ciqfunctions.udf.CIQ($Y$8, "IQ_TEV_EBITDA_FWD", IQ_NTM,$B59) -> #CIQINACTIVE
B60: =IF(WEEKDAY(B59+1)=7,B59+3,B59+1) -> 44078 | C60: =_xll.ciqfunctions.udf.CIQ($Y$8, "IQ_TEV_TOTAL_REV_FWD", IQ_NTM,$B60) -> #CIQINACTIVE | D60: =_xll.ciqfunctions.udf.CIQ($Y$8, "IQ_TEV_EBITDA_FWD", IQ_NTM,$B60) -> #CIQINACTIVE
B61: =IF(WEEKDAY(B60+1)=7,B60+3,B60+1) -> 44081 | C61: =_xll.ciqfunctions.udf.CIQ($Y$8, "IQ_TEV_TOTAL_REV_FWD", IQ_NTM,$B61) -> #CIQINACTIVE | D61: =_xll.ciqfunctions.udf.CIQ($Y$8, "IQ_TEV_EBITDA_FWD", IQ_NTM,$B61) -> #CIQINACTIVE
... B1348: =IF(WEEKDAY(B1347+1)=7,B1347+3,B1347+1) -> 45882 | C1348: =_xll.ciqfunctions.udf.CIQ($Y$8, "IQ_TEV_TOTAL_REV_FWD", IQ_NTM,$B1348) -> #CIQINACTIVE | D1348: =_xll.ciqfunctions.udf.CIQ($Y$8, "IQ_TEV_EBITDA_FWD", IQ_NTM,$B1348) -> #CIQINACTIVE

Sheet Ppaids
A1: 45882
B2: Precedent Transaction Valuation Range | F2: Precedent Transactions
C4: EBITDA Multiple | I4: Enterprise Value /
B5: Valuation Build | C5: Low | D5: High | F5: Date Announced | G5: Target | H5: Acquirer | I5: NTM EBITDA
B6: EBITDA Multiple | C6: 30 | D6: 35 | F6: 40634 | G6: National Semiconductor Corportation | H6: Texas Instruments | I6: 11.5
B7: NTM EBITDA | C7: =Comps!C17 -> 160997 | D7: =C7 -> 160997 | F7: 41609 | G7: LSI | H7: Avago Technologies | I7: 10.7
B8: Enterprise Value | C8: =C6*C7 -> 4829909.9 | D8: =D6*D7 -> 5634894.8 | F8: 42064 | G8: Freescale Semiconductor | H8: NXP Semiconductors | I8: 13.6
B9: Less: Net Debt and Other | C9: =-Control!$F$11-Control!$F$10-Control!$F$9 -> 48431 | D9: =C9 -> 48431 | F9: 42125 | G9: Broadcom | H9: Avago Technologies | I9: 12.7
B10: Equity Value | C10: =C8+C9 -> 4878340.9 | D10: =D8+D9 -> 5683325.8 | F10: 42156 | G10: Altera Corporation | H10: Intel Corporation | I10: 22.2
B11: Fully Diluted Shares | C11: =Control!$I$10 -> 24677 | D11: =C11 -> 24677 | F11: 42552 | G11: ARM Limited | H11: Softbank Group | I11: 39
B12: Implied Price Per Share | C12: =C10/C11 -> 197.68776 | D12: =D10/D11 -> 230.30862 | F12: 42552 | G12: Linear Technology Corportation | H12: Analog Devices Inc. | I12: 15.7
F13: 42644 | G13: NXP Semiconductors | H13: Qualcomm | I13: 13.2 | K13: Announced but didn't close
F14: 42795 | G14: Mobileye | H14: Intel Corporation | I14: 53.5
F15: 43040 | G15: Cavium | H15: Marvel Technologies | I15: 17.4
F16: 43160 | G16: Microsemi Corporation | H16: Microchip Technology | I16: 14
F17: 43344 | G17: Integrated Device Technology | H17: Renesas Electronics Corportation | I17: 21.1
F18: 43525 | G18: Melanox Technologies | H18: NVIDIA | I18: 15.1
F19: 43617 | G19: Cypress Semiconductor | H19: Infineon Technologies | I19: 18.8
F20: 43891 | G20: VMWare | H20: Broadcom | I20: 15.5
F21: 44013 | G21: Maxim Integrated Products | H21: Analog Devices Inc. | I21: 24
F22: 44075 | G22: ARM Limited | H22: NVIDIA | I22: 53.2 | K22: Announced but didn't close
F24: Mean | I24: =AVERAGE(I6:I22) -> 21.835294
F25: Median | I25: =MEDIAN(I6:I22) -> 15.7

Sheet DCF
B2: Discounted Cash Flow Analysis | K2: Discounted Cash Flow Analysis Output
B4: UNLEVERED FREE CASH FLOW CALCULATION | K4: Perpetuity Growth Rate Method
B5: $MM, unless otherwise noted | C5: 46052 | D5: 46417 | E5: 46782 | F5: 47148 | G5: 47513 | H5: Normalized | K5: Perpetuity Grwoth Rate | L5: =C59 -> 0.04 | P5: =C63 -> 0.045 | T5: =C67 -> 0.05
K6: Discount Rate | L6: =B59 -> 0.095 | M6: =B60 -> 0.1 | N6: =B61 -> 0.105 | P6: =L6 -> 0.095 | Q6: =M6 -> 0.1 | R6: =N6 -> 0.105 | T6: =P6 -> 0.095 | U6: =Q6 -> 0.1 | V6: =R6 -> 0.105
B7: EBIT | C7: ='Operating Model'!F34 -> 122100.55 | D7: ='Operating Model'!G34 -> 183244.07 | E7: ='Operating Model'!H34 -> 255803.3 | F7: ='Operating Model'!I34 -> 332880.84 | G7: ='Operating Model'!J34 -> 402199.34 | H7: =G7 -> 402199.34 | K7: Present value of Annual Cash Flows | L7: =SUM($C$24:$G$24) -> 714983.98 | M7: =SUM($C$25:$G$25) -> 706737.69 | N7: =SUM($C$26:$G$26) -> 698644.2 | P7: =SUM($C$24:$G$24) -> 714983.98 | Q7: =SUM($C$25:$G$25) -> 706737.69 | R7: =SUM($C$26:$G$26) -> 698644.2 | T7: =SUM($C$24:$G$24) -> 714983.98 | U7: =SUM($C$25:$G$25) -> 706737.69 | V7: =SUM($C$26:$G$26) -> 698644.2
B8: Less: Taxes | C8: =-C7*C9 -> -20268.691 | D8: =-D7*D9 -> -30235.272 | E8: =-E7*E9 -> -42207.545 | F8: =-F7*F9 -> -54925.338 | G8: =-G7*G9 -> -66362.891 | H8: =-H7*H9 -> -66362.891 | K8: Present Value of Terminal Value | L8: =E59 -> 3879875.2 | M8: =E60 -> 3492327.3 | N8: =E61 -> 3165734.3 | P8: =E63 -> 4288381.3 | Q8: =E64 -> 3828128 | R8: =E65 -> 3446033.7 | T8: =E67 -> 4787666.6 | U8: =E68 -> 4231088.8 | V8: =E69 -> 3777296.6
B9: Tax Rate | C9: ='Operating Model'!F47 -> 0.166 | D9: ='Operating Model'!G47 -> 0.165 | E9: ='Operating Model'!H47 -> 0.165 | F9: ='Operating Model'!I47 -> 0.165 | G9: ='Operating Model'!J47 -> 0.165 | H9: =G9 -> 0.165 | K9: Enterprise Value | L9: =L7+L8 -> 4594859.2 | M9: =M7+M8 -> 4199065 | N9: =N7+N8 -> 3864378.5 | P9: =P7+P8 -> 5003365.3 | Q9: =Q7+Q8 -> 4534865.7 | R9: =R7+R8 -> 4144677.9 | T9: =T7+T8 -> 5502650.5 | U9: =U7+U8 -> 4937826.5 | V9: =V7+V8 -> 4475940.8
B10: EBIAT (NOPAT) | C10: =C7+C8 -> 101831.86 | D10: =D7+D8 -> 153008.8 | E10: =E7+E8 -> 213595.76 | F10: =F7+F8 -> 277955.5 | G10: =G7+G8 -> 335836.45 | H10: =H7+H8 -> 335836.45 | K10: Less: Net Debt | L10: =-SUM(Control!$F$9:$F$11) -> 48431 | M10: =-SUM(Control!$F$9:$F$11) -> 48431 | N10: =-SUM(Control!$F$9:$F$11) -> 48431 | P10: =-SUM(Control!$F$9:$F$11) -> 48431 | Q10: =-SUM(Control!$F$9:$F$11) -> 48431 | R10: =-SUM(Control!$F$9:$F$11) -> 48431 | T10: =-SUM(Control!$F$9:$F$11) -> 48431 | U10: =-SUM(Control!$F$9:$F$11) -> 48431 | V10: =-SUM(Control!$F$9:$F$11) -> 48431
K11: Equity Value | L11: =L9+L10 -> 4643290.2 | M11: =M9+M10 -> 4247496 | N11: =N9+N10 -> 3912809.5 | P11: =P9+P10 -> 5051796.3 | Q11: =Q9+Q10 -> 4583296.7 | R11: =R9+R10 -> 4193108.9 | T11: =T9+T10 -> 5551081.5 | U11: =U9+U10 -> 4986257.5 | V11: =V9+V10 -> 4524371.8
B12: Plus: Depreciation & Amortization | C12: ='Operating Model'!F64 -> 2474 | D12: ='Operating Model'!G64 -> 2806.1879 | E12: ='Operating Model'!H64 -> 3869.944 | F12: ='Operating Model'!I64 -> 4990.7172 | G12: ='Operating Model'!J64 -> 5976.216 | H12: =G12 -> 5976.216 | K12: Fully Diluted Shares Outstanding | L12: =Control!$I$10 -> 24677 | M12: =Control!$I$10 -> 24677 | N12: =Control!$I$10 -> 24677 | P12: =Control!$I$10 -> 24677 | Q12: =Control!$I$10 -> 24677 | R12: =Control!$I$10 -> 24677 | T12: =Control!$I$10 -> 24677 | U12: =Control!$I$10 -> 24677 | V12: =Control!$I$10 -> 24677
B13: Plus: Stock-Based Compensation | C13: 0 | D13: 0 | E13: 0 | F13: 0 | G13: 0 | H13: 0 | K13: Implied Price / Share | L13: =L11/L12 -> 188.16267 | M13: =M11/M12 -> 172.12368 | N13: =N11/N12 -> 158.56099 | P13: =P11/P12 -> 204.71679 | Q13: =Q11/Q12 -> 185.73152 | R13: =R11/R12 -> 169.91972 | T13: =T11/T12 -> 224.94961 | U13: =U11/U12 -> 202.06093 | V13: =V11/V12 -> 183.34367
B14: Less: Capital Expenditures | C14: ='Operating Model'!F72 -> -4827 | D14: ='Operating Model'!G72 -> -5331.757 | E14: ='Operating Model'!H72 -> -6578.9049 | F14: ='Operating Model'!I72 -> -7985.1476 | G14: ='Operating Model'!J72 -> -9561.9456 | H14: =-H12 -> -5976.216 | K14: Current Share Price | L14: =Control!$F$6 -> 181.59 | M14: =Control!$F$6 -> 181.59 | N14: =Control!$F$6 -> 181.59 | P14: =Control!$F$6 -> 181.59 | Q14: =Control!$F$6 -> 181.59 | R14: =Control!$F$6 -> 181.59 | T14: =Control!$F$6 -> 181.59 | U14: =Control!$F$6 -> 181.59 | V14: =Control!$F$6 -> 181.59
B15: Less: Change in New Working Capital | C15: ='Operating Model'!F66 -> -11592 | D15: ='Operating Model'!G66 -> -14462.324 | E15: ='Operating Model'!H66 -> -21286.004 | F15: ='Operating Model'!I66 -> -29461.587 | G15: ='Operating Model'!J66 -> -40848.965 | H15: =G15 -> -40848.965 | K15: Premium / (Discount) to Current | L15: =L13/L14-1 -> 0.036195112 | M15: =M13/M14-1 -> -0.052130203 | N15: =N13/N14-1 -> -0.12681873 | P15: =P13/P14-1 -> 0.1273572 | Q15: =Q13/Q14-1 -> 0.02280697 | R15: =R13/R14-1 -> -0.064267211 | T15: =T13/T14-1 -> 0.23877752 | U15: =U13/U14-1 -> 0.11273158 | V15: =V13/V14-1 -> 0.0096573115
B16: Plus: Other Cash Flow Items | C16: 0 | D16: 0 | E16: 0 | F16: 0 | G16: 0 | H16: 0
K17: % of Value in Terminal Value | L17: =L8/L9 -> 0.8443948 | M17: =M8/M9 -> 0.83169165 | N17: =N8/N9 -> 0.81920917 | P17: =P8/P9 -> 0.85709939 | Q17: =Q8/Q9 -> 0.84415466 | R17: =R8/R9 -> 0.83143583 | T17: =T8/T9 -> 0.87006553 | U17: =U8/U9 -> 0.85687272 | V17: =V8/V9 -> 0.84391121
B18: Unlevered Free Cash Flow | C18: =C10+SUM(C12:C16) -> 87886.858 | D18: =D10+SUM(D12:D16) -> 136020.91 | E18: =E10+SUM(E12:E16) -> 189600.79 | F18: =F10+SUM(F12:F16) -> 245499.48 | G18: =G10+SUM(G12:G16) -> 291401.75 | H18: =H10+SUM(H12:H16) -> 294987.48 | K18: Implied Terminal Exit Multiple | L18: =F59 -> 13.665554 | M18: =F60 -> 12.526758 | N18: =F61 -> 11.563161 | P18: =F63 -> 15.104379 | Q18: =F64 -> 13.731254 | R18: =F65 -> 12.586983 | T18: =F67 -> 16.862943 | U18: =F68 -> 15.176649 | V18: =F69 -> 13.796954
B19: % growth | D19: =D18/C18-1 -> 0.54768197 | E19: =E18/D18-1 -> 0.3939092 | F19: =F18/E18-1 -> 0.29482309 | G19: =G18/F18-1 -> 0.18697502
B20: % Cash Flow Available for the DCF | C20: 0.5 | D20: 1 | E20: 1 | F20: 1 | G20: 1 | H20: 1
B21: Discount Period | C21: 0.25 | D21: 1 | E21: 2 | F21: 3 | G21: 4 | H21: 4 | K21: Exit Multiple Method
K22: Terminal Exit Multiple | L22: =C76 -> 14 | P22: =C80 -> 14.5 | T22: =C84 -> 15
B23: Discount Rate | K23: Discount Rate | L23: =L6 -> 0.095 | M23: =M6 -> 0.1 | N23: =N6 -> 0.105 | P23: =L23 -> 0.095 | Q23: =M23 -> 0.1 | R23: =N23 -> 0.105 | T23: =P23 -> 0.095 | U23: =Q23 -> 0.1 | V23: =R23 -> 0.105
B24: =B25-0.5% -> 0.095 | C24: =C$18*C$20/(1+$B24)^C$21 -> 42957.64 | D24: =D$18*D$20/(1+$B24)^D$21 -> 124220 | E24: =E$18*E$20/(1+$B24)^E$21 -> 158129.14 | F24: =F$18*F$20/(1+$B24)^F$21 -> 186985.63 | G24: =G$18*G$20/(1+$B24)^G$21 -> 202691.57 | H24: =H$18*H$20/(1+$B24)^H$21 -> 205185.71 | K24: Present Value of Annual Cash Flows | L24: =SUM($C$24:$G$24) -> 714983.98 | M24: =SUM($C$25:$G$25) -> 706737.69 | N24: =SUM($C$26:$G$26) -> 698644.2 | P24: =SUM($C$24:$G$24) -> 714983.98 | Q24: =SUM($C$25:$G$25) -> 706737.69 | R24: =SUM($C$26:$G$26) -> 698644.2 | T24: =SUM($C$24:$G$24) -> 714983.98 | U24: =SUM($C$25:$G$25) -> 706737.69 | V24: =SUM($C$26:$G$26) -> 698644.2
B25: 0.1 | C25: =C$18*C$20/(1+$B25)^C$21 -> 42908.741 | D25: =D$18*D$20/(1+$B25)^D$21 -> 123655.37 | E25: =E$18*E$20/(1+$B25)^E$21 -> 156694.87 | F25: =F$18*F$20/(1+$B25)^F$21 -> 184447.39 | G25: =G$18*G$20/(1+$B25)^G$21 -> 199031.32 | H25: =H$18*H$20/(1+$B25)^H$21 -> 201480.42 | K25: Present Value of Terminal Value | L25: =E76 -> 3974829.9 | M25: =E77 -> 3903051.5 | N25: =E78 -> 3832886.1 | P25: =E80 -> 4116788.1 | Q25: =E81 -> 4042446.2 | R25: =E82 -> 3969774.9 | T25: =E84 -> 4258746.3 | U25: =E85 -> 4181840.9 | V25: =E86 -> 4106663.7
B26: =B25+0.5% -> 0.105 | C26: =C$18*C$20/(1+$B26)^C$21 -> 42860.119 | D26: =D$18*D$20/(1+$B26)^D$21 -> 123095.84 | E26: =E$18*E$20/(1+$B26)^E$21 -> 155280.02 | F26: =F$18*F$20/(1+$B26)^F$21 -> 181954.9 | G26: =G$18*G$20/(1+$B26)^G$21 -> 195453.32 | H26: =H$18*H$20/(1+$B26)^H$21 -> 197858.39 | K26: Enterprise Value | L26: =L24+L25 -> 4689813.9 | M26: =M24+M25 -> 4609789.2 | N26: =N24+N25 -> 4531530.3 | P26: =P24+P25 -> 4831772.1 | Q26: =Q24+Q25 -> 4749183.9 | R26: =R24+R25 -> 4668419.1 | T26: =T24+T25 -> 4973730.3 | U26: =U24+U25 -> 4888578.6 | V26: =V24+V25 -> 4805307.9
K27: Less: Net Debt | L27: =-SUM(Control!$F$9:$F$11) -> 48431 | M27: =-SUM(Control!$F$9:$F$11) -> 48431 | N27: =-SUM(Control!$F$9:$F$11) -> 48431 | P27: =-SUM(Control!$F$9:$F$11) -> 48431 | Q27: =-SUM(Control!$F$9:$F$11) -> 48431 | R27: =-SUM(Control!$F$9:$F$11) -> 48431 | T27: =-SUM(Control!$F$9:$F$11) -> 48431 | U27: =-SUM(Control!$F$9:$F$11) -> 48431 | V27: =-SUM(Control!$F$9:$F$11) -> 48431
B28: DISCOUNT RATE | K28: Equity Value | L28: =L26+L27 -> 4738244.9 | M28: =M26+M27 -> 4658220.2 | N28: =N26+N27 -> 4579961.3 | P28: =P26+P27 -> 4880203.1 | Q28: =Q26+Q27 -> 4797614.9 | R28: =R26+R27 -> 4716850.1 | T28: =T26+T27 -> 5022161.3 | U28: =U26+U27 -> 4937009.6 | V28: =V26+V27 -> 4853738.9
K29: Fully Diluted Shares Outstanding | L29: =Control!$I$10 -> 24677 | M29: =Control!$I$10 -> 24677 | N29: =Control!$I$10 -> 24677 | P29: =Control!$I$10 -> 24677 | Q29: =Control!$I$10 -> 24677 | R29: =Control!$I$10 -> 24677 | T29: =Control!$I$10 -> 24677 | U29: =Control!$I$10 -> 24677 | V29: =Control!$I$10 -> 24677
B30: Risk Free Rate | C30: 0.0424 | E30: 10 Year US Treasury Bond Yield on the Valuation Date | K30: Implied Price / Share | L30: =L28/L29 -> 192.01057 | M30: =M28/M29 -> 188.76769 | N30: =N28/N29 -> 185.59636 | P30: =P28/P29 -> 197.76322 | Q30: =Q28/Q29 -> 194.41646 | R30: =R28/R29 -> 191.14358 | T30: =T28/T29 -> 203.51588 | U30: =U28/U29 -> 200.06523 | V30: =V28/V29 -> 196.6908
B31: Equity Risk Premium | C31: 0.06 | E31: 5-8% based on academic literature | K31: Current Share Price | L31: =Control!$F$6 -> 181.59 | M31: =Control!$F$6 -> 181.59 | N31: =Control!$F$6 -> 181.59 | P31: =Control!$F$6 -> 181.59 | Q31: =Control!$F$6 -> 181.59 | R31: =Control!$F$6 -> 181.59 | T31: =Control!$F$6 -> 181.59 | U31: =Control!$F$6 -> 181.59 | V31: =Control!$F$6 -> 181.59
B32: Beta | C32: =E51 -> 1.0932713 | E32: Bera Predicted Beta or 5 Year / 2 Year Historical Beta | K32: Premium / (Discount) to Current | L32: =L30/L31-1 -> 0.057385166 | M32: =M30/M31-1 -> 0.039526888 | N32: =N30/N31-1 -> 0.022062652 | P32: =P30/P31-1 -> 0.089064513 | Q32: =Q30/Q31-1 -> 0.070634162 | R32: =R30/R31-1 -> 0.052610709 | T32: =T30/T31-1 -> 0.12074386 | U32: =U30/U31-1 -> 0.10174144 | V32: =V30/V31-1 -> 0.083158766
B33: Cost of Equity (Ke) | C33: =C30+C31*C32 -> 0.10799628 | E33: from Bloomberg
K34: % of Value in Terminal Value | L34: =L25/L26 -> 0.84754534 | M34: =M25/M26 -> 0.84668763 | N34: =N25/N26 -> 0.84582599 | P34: =P25/P26 -> 0.85202448 | Q34: =Q25/Q26 -> 0.85118755 | R34: =R25/R26 -> 0.85034673 | T34: =T25/T26 -> 0.85624794 | U34: =U25/U26 -> 0.85543084 | V34: =V25/V26 -> 0.8546099
B35: Interest Expense | C35: ='Operating Model'!E260/'Operating Model'!E258 -> 0.028544118 | E35: If possible, use the current weighted average interest expense | K35: Implied Perpetuity Growth Rate | L35: =F76 -> 0.041249399 | M35: =F77 -> 0.046003962 | N35: =F78 -> 0.050758526 | P35: =F80 -> 0.043014875 | Q35: =F81 -> 0.0477775 | R35: =F82 -> 0.052540125 | T35: =F84 -> 0.044668062 | U35: =F85 -> 0.049438236 | V35: =F86 -> 0.054208409
B36: Tax Rate | C36: =H9 -> 0.165
B37: Cost of Debt (Kd) | C37: =C35*(1-C36) -> 0.023834338
E38: Actual | F38: Intended | L38: Perp Growth Rate Method | P38: Exit Multiple Method
B39: Equity Value | C39: =Control!F8 -> 4481096.4 | E39: =C39/C41 -> 1.0101875 | F39: 0.9 | L39: Min | M39: Max | P39: Min | Q39: Max
B40: Net Debt | C40: =Control!F9+Control!F10 -> -45191 | E40: =C40/C41 -> -0.010187548 | F40: =F41-F39 -> 0.1 | K40: Street Case | L40: =IF(Control!$C$5="Street", MIN(DCF!$L13:$V13),DCF!L40) -> 98.479445 | M40: =IF(Control!$C$5="Street", MAX(DCF!$L13:$V13),DCF!M40) -> 138.08665 | P40: =IF(Control!$C$5="Street", MIN(DCF!$L30:$V30),DCF!P40) -> 112.70051 | Q40: =IF(Control!$C$5="Street", MAX(DCF!$L30:$V30),DCF!Q40) -> 123.20602
B41: Total Capitalization | C41: =SUM(C39:C40) -> 4435905.4 | E41: =SUM(E39:E40) -> 1 | F41: 1 | K41: Management Case | L41: =IF(Control!$C$5="Management", MIN(DCF!$L13:$V13),DCF!L41) -> 158.56099 | M41: =IF(Control!$C$5="Management", MAX(DCF!$L13:$V13),DCF!M41) -> 224.94961 | P41: =IF(Control!$C$5="Management", MIN(DCF!$L30:$V30),DCF!P41) -> 185.59636 | Q41: =IF(Control!$C$5="Management", MAX(DCF!$L30:$V30),DCF!Q41) -> 203.51588
B43: Weighted Average Cost of Capital (WACC) | E43: =IF(C32=C51, E39*C33+E40*C37,E43) -> 0.15560986 | F43: =IF(C32=E51, F39*C33+F40*C37,F43) -> 0.099580083
K44: Semiconductor Peers | L44: Levered Beta | M44: % Debt / Equity | N44: Tax Rate | P44: Unlevered Beta
B45: Lever and Unlever Beta | C45: Nvidia | D45: Industry | E45: Average | K45: AVGO | L45: 0.298 | M45: 0.04 | N45: 0.2 | P45: =L45/((1+M45*(1-N45))) -> 0.28875969
B46: Levered Beta | C46: 1.692 | D46: =L55 -> 0.303 | K46: AMD | L46: 0.288 | M46: -0.007 | N46: 0.17 | P46: =L46/((1+M46*(1-N46))) -> 0.28968306
B47: % detb / equity | C47: =E40/E39 -> -0.010084809 | D47: =M55 -> 0.034 | K47: MRVL | L47: 0.308 | M47: 0.053 | N47: 0.15 | P47: =L47/((1+M47*(1-N47))) -> 0.29472274
B48: Tax Rate | C48: =C36 -> 0.165 | D48: =N55 -> 0.17 | K48: TWSE:2330 | L48: 0.326 | M48: -0.053 | N48: 0.14 | P48: =L48/((1+M48*(1-N48))) -> 0.3415687
B49: Unlevered Beta | C49: =C46/((1+((C47*(1-C48))))) -> 1.706369 | D49: =D46/((1+((D47*(1-D48))))) -> 0.29468402 | K49: ASML | L49: 0.277 | M49: -0.014 | N49: 0.17 | P49: =L49/((1+M49*(1-N49))) -> 0.28025658
K50: QCOM | L50: 0.279 | M50: 0.028 | N50: 0.2 | P50: =L50/((1+M50*(1-N50))) -> 0.27288732
B51: Relevered Beta | C51: =C49*(1+F40/F39*(1-C48)) -> 1.8646821 | D51: =D49*(1+F40/F39*(1-D48)) -> 0.32186043 | E51: =AVERAGE(C51:D51) -> 1.0932713 | K51: TXN | L51: 0.285 | M51: 0.049 | N51: 0.14 | P51: =L51/((1+M51*(1-N51))) -> 0.27347573
K52: ARM | L52: 0.342 | M52: -0.017 | N52: 0.2 | P52: =L52/((1+M52*(1-N52))) -> 0.34671533
B53: TERMINAL VALUE | K53: INTC | L53: 0.329 | M53: 0.304 | N53: 0.12 | P53: =L53/((1+M53*(1-N53))) -> 0.25956198
K54: ADI | L54: 0.318 | M54: 0.041 | N54: 0.2 | P54: =L54/((1+M54*(1-N54))) -> 0.30790085
B55: Perpetuity Growth Rate Method | K55: Median | L55: =MEDIAN(L45:L54) -> 0.303 | M55: =MEDIAN(M45:M54) -> 0.034 | N55: =MEDIAN(N45:N54) -> 0.17 | P55: =MEDIAN(P45:P54) -> 0.28922137
C57: Perpetual | D57: Terminal | E57: Present Value | F57: Implied LTM
B58: WACC | C58: Growth Rate | D58: Value | E58: of TV | F58: Exit Multiple | J58: 2030E EBITDA
B59: 0.095 | C59: 0.04 | D59: =(($H$18*(1+$C59))/(B59-C59)) -> 5577945.1 | E59: =$D59/(1+$B59)^$H$21 -> 3879875.2 | F59: =$D59/$J$59 -> 13.665554 | J59: ='Operating Model'!J37 -> 408175.55
B60: 0.1 | C60: =C59 -> 0.04 | D60: =(($H$18*(1+$C60))/(B60-C60)) -> 5113116.4 | E60: =$D60/(1+$B60)^$H$21 -> 3492327.3 | F60: =$D60/$J$59 -> 12.526758
B61: 0.105 | C61: =C59 -> 0.04 | D61: =(($H$18*(1+$C61))/(B61-C61)) -> 4719799.7 | E61: =$D61/(1+$B61)^$H$21 -> 3165734.3 | F61: =$D61/$J$59 -> 11.563161 | J61: Step
J62: 0.005
B63: =B59 -> 0.095 | C63: =$C59+$J$62 -> 0.045 | D63: =(($H$18*(1+$C63))/(B63-C63)) -> 6165238.4 | E63: =$D63/(1+$B63)^$H$21 -> 4288381.3 | F63: =$D63/$J$59 -> 15.104379
B64: =B60 -> 0.1 | C64: =C63 -> 0.045 | D64: =(($H$18*(1+$C64))/(B64-C64)) -> 5604762.2 | E64: =$D64/(1+$B64)^$H$21 -> 3828128 | F64: =$D64/$J$59 -> 13.731254
B65: =B61 -> 0.105 | C65: =C63 -> 0.045 | D65: =(($H$18*(1+$C65))/(B65-C65)) -> 5137698.7 | E65: =$D65/(1+$B65)^$H$21 -> 3446033.7 | F65: =$D65/$J$59 -> 12.586983
B67: =B63 -> 0.095 | C67: =$C63+$J$62 -> 0.05 | D67: =(($H$18*(1+$C67))/(B67-C67)) -> 6883041.3 | E67: =$D67/(1+$B67)^$H$21 -> 4787666.6 | F67: =$D67/$J$59 -> 16.862943
B68: =B64 -> 0.1 | C68: =C67 -> 0.05 | D68: =(($H$18*(1+$C68))/(B68-C68)) -> 6194737.1 | E68: =$D68/(1+$B68)^$H$21 -> 4231088.8 | F68: =$D68/$J$59 -> 15.176649
B69: =B65 -> 0.105 | C69: =C67 -> 0.05 | D69: =(($H$18*(1+$C69))/(B69-C69)) -> 5631579.2 | E69: =$D69/(1+$B69)^$H$21 -> 3777296.6 | F69: =$D69/$J$59 -> 13.796954
B72: Exit Multiple Method
C74: Exit LTM | D74: Terminal | E74: Present | F74: Implied Perp
B75: WACC | C75: EBITDA Multiple | D75: Value | E75: of TV | F75: Growth Rate | J75: Step
B76: =B59 -> 0.095 | C76: 14 | D76: =$C76*$J$59 -> 5714457.8 | E76: =$D76/(1+$B76)^$H$21 -> 3974829.9 | F76: =((($D76*$B76-$H$18)/($D76+$H$18))) -> 0.041249399 | J76: 0.5
B77: =B60 -> 0.1 | C77: =C76 -> 14 | D77: =$C77*$J$59 -> 5714457.8 | E77: =$D77/(1+$B77)^$H$21 -> 3903051.5 | F77: =((($D77*$B77-$H$18)/($D77+$H$18))) -> 0.046003962
B78: =B61 -> 0.105 | C78: =C76 -> 14 | D78: =$C78*$J$59 -> 5714457.8 | E78: =$D78/(1+$B78)^$H$21 -> 3832886.1 | F78: =((($D78*$B78-$H$18)/($D78+$H$18))) -> 0.050758526
B80: =B63 -> 0.095 | C80: =$C76+$J$76 -> 14.5 | D80: =$C80*$J$59 -> 5918545.5 | E80: =$D80/(1+$B80)^$H$21 -> 4116788.1 | F80: =((($D80*$B80-$H$18)/($D80+$H$18))) -> 0.043014875
B81: =B64 -> 0.1 | C81: =C80 -> 14.5 | D81: =$C81*$J$59 -> 5918545.5 | E81: =$D81/(1+$B81)^$H$21 -> 4042446.2 | F81: =((($D81*$B81-$H$18)/($D81+$H$18))) -> 0.0477775
B82: =B65 -> 0.105 | C82: =C80 -> 14.5 | D82: =$C82*$J$59 -> 5918545.5 | E82: =$D82/(1+$B82)^$H$21 -> 3969774.9 | F82: =((($D82*$B82-$H$18)/($D82+$H$18))) -> 0.052540125
B84: =B67 -> 0.095 | C84: =$C80+$J$76 -> 15 | D84: =$C84*$J$59 -> 6122633.3 | E84: =$D84/(1+$B84)^$H$21 -> 4258746.3 | F84: =((($D84*$B84-$H$18)/($D84+$H$18))) -> 0.044668062
B85: =B68 -> 0.1 | C85: =C84 -> 15 | D85: =$C85*$J$59 -> 6122633.3 | E85: =$D85/(1+$B85)^$H$21 -> 4181840.9 | F85: =((($D85*$B85-$H$18)/($D85+$H$18))) -> 0.049438236
B86: =B69 -> 0.105 | C86: =C84 -> 15 | D86: =$C86*$J$59 -> 6122633.3 | E86: =$D86/(1+$B86)^$H$21 -> 4106663.7 | F86: =((($D86*$B86-$H$18)/($D86+$H$18))) -> 0.054208409

Sheet LBO
B2: Leveraged Buyout Analysis
B4: Purchase Price Calculation | G4: Financing Assumptions | K4: IRR Sensitivity Analysis
B5: Current Share Price | C5: =Control!F6 -> 181.59 | H5: x | I5: Rate | M5: Offer Price / Premium
B6: Premium | C6: 0 | G6: Total Leverage | H6: =H7+H8 -> 7 | M6: =$C$5*(1+M$7) -> 119.48622 | N6: =$C$5*(1+N$7) -> 137.64522 | O6: =$C$5*(1+O$7) -> 155.80422 | P6: =$C$5*(1+P$7) -> 173.96322 | Q6: =$C$5*(1+Q$7) -> 192.12222 | R6: =$C$5*(1+R$7) -> 210.28122
B7: Offer Price Per Share | C7: =C5*(1+C6) -> 181.59 | G7: Bank Debt | H7: 4 | I7: 0.04 | L7: =I37 -> 0.1033125 | M7: -0.342 | N7: =M7+10% -> -0.242 | O7: =N7+10% -> -0.142 | P7: =O7+10% -> -0.042 | Q7: =P7+10% -> 0.058 | R7: =Q7+10% -> 0.158
G8: Bonds | H8: 3 | I8: 0.12 | K8: Bank Debt | L8: 3 | M8: 0.24131356 | N8: 0.19036199 | O8: 0.14913687 | P8: 0.11471488 | Q8: 0.085295925 | R8: 0.059697524
B9: Fully Diluted Shares Outstanding | C9: =Control!I10 -> 24677 | K9: Leverage | L9: 4 | M9: 0.24994138 | N9: 0.19584895 | O9: 0.15255353 | P9: 0.11668249 | Q9: 0.086203828 | R9: 0.059804073
G10: Fees | L10: 5 | M10: 0.2592819 | N10: 0.20165403 | O10: 0.15607888 | P10: 0.11863746 | Q10: 0.087024316 | R10: 0.059775022
B11: Equity Purchase Price | C11: =C7*C9 -> 4481096.4 | G11: Advisory | H11: 50
B12: Debt | C12: =Control!F9 -> 8500 | G12: Bridge | H12: 100 | M12: 25% IRR | P12: 15% IRR
B13: Cash and Other | C13: =SUM(Control!F10:F11) -> -56931 | G13: Bank Debt | H13: 40 | M13: Share Price | N13: Premium | P13: Share Price | Q13: Premium
B14: Enterprise Value | C14: =SUM(C11:C13) -> 4432665.4 | G14: Bonds | H14: 40 | K14: Street Case | M14: 79.71801 | N14: =M14/$C$5-1 -> -0.561 | P14: 98.96655 | Q14: =P14/$C$5-1 -> -0.455
K15: Management Case | M15: 119.48622 | N15: =M15/$C$5-1 -> -0.342 | P15: 157.07535 | Q15: =P15/$C$5-1 -> -0.135
B16: FY 2026E Revenue | C16: ='Operating Model'!F17 -> 203602.05
B17: FY 2026E EBITDA | C17: ='Operating Model'!F37 -> 124574.55
B19: Implied Valuation Multiples
B20: Enterprise Value / FY 2026E Revenue | C20: =C14/C16 -> 21.771222
B21: Enterprise Value / FY 2026E EBITDA | C21: =C14/C17 -> 35.582432
B25: Sources and Uses | G25: Returns Analysis
B27: Sources | C27: $MM | D27: x | E27: % | G27: Initial Investment Date | I27: 45870
B28: Bank Debt | C28: =H7*C17 -> 498298.2 | D28: =C28/$C$17 -> 4 | E28: =C28/$C$32 -> 0.11093443 | G28: Initial Equity Investment | I28: =C31 -> 3566113.6
B29: Bonds | C29: =C17*H8 -> 373723.65 | D29: =C29/$C$17 -> 3 | E29: =C29/$C$32 -> 0.083200821 | G29: Exit Years After Acquisition | I29: 4.5
B30: Excess Cash | C30: =-Control!F10 -> 53691 | D30: =C30/$C$17 -> 0.43099494 | E30: =C30/$C$32 -> 0.011953044
B31: Sponsor Equity | C31: =C39-SUM(C28:C30) -> 3566113.6 | D31: =C31/$C$17 -> 28.626342 | E31: =C31/$C$32 -> 0.79391171 | G31: Exit EBITDA Multiple | I31: 14 | K31: < -- normally you would set exit multiple equal to the entry multiple, but you can't do that with Nvidia
C32: =SUM(C28:C31) -> 4491826.4 | D32: =SUM(D28:D31) -> 36.057336 | E32: =SUM(E28:E31) -> 1 | G32: 2030E EBITDA | I32: =I52 -> 408175.55
G33: Enterprise Value at Exit | I33: =I31*I32 -> 5714457.8
B34: Uses | C34: $MM | D34: x | E34: % | G34: Net Debt at Exit | I34: =-(I113-I115) -> -163127.12
B35: Equity Purchase Price | C35: =C11 -> 4481096.4 | D35: =C35/$C$17 -> 35.971203 | E35: =C35/$C$39 -> 0.99761122 | G35: Equity Value at Exit | I35: =I33+I34 -> 5551330.6
B36: Retire Target's Debt | C36: =C12 -> 8500 | D36: =C36/$C$17 -> 0.068232236 | E36: =C36/$C$39 -> 0.001892326
B37: Minimum Cash | C37: 2000 | D37: =C37/$C$17 -> 0.016054644 | E37: =C37/$C$39 -> 0.00044525318 | G37: IRR | I37: =D132 -> 0.1033125
B38: Transaction Fees | C38: =SUM(H11:H14) -> 230 | D38: =C38/$C$17 -> 0.001846284 | E38: =C38/$C$39 -> 5.1204116e-05 | G38: MOIC | I38: =I35/I28 -> 1.5566892
B39: Total Uses | C39: =SUM(C35:C38) -> 4491826.4 | D39: =C39/$C$17 -> 36.057336 | E39: =SUM(E35:E38) -> 1
B41: check | C41: =C32-C39 -> 0
B43: INCOME STATEMENT
B44: $MM, unless otherwise noted | D44: 45683 | E44: 46052 | F44: 46417 | G44: 46782 | H44: 47148 | I44: 47513
B46: Revenue | D46: ='Operating Model'!E17 -> 130497 | E46: ='Operating Model'!F17*50% -> 101801.02 | F46: ='Operating Model'!G17 -> 280618.79 | G46: ='Operating Model'!H17 -> 386994.4 | H46: ='Operating Model'!I17 -> 499071.72 | I46: ='Operating Model'!J17 -> 597621.6
B47: % growth | D47: ='Operating Model'!E18 -> 1.1420341 | E47: ='Operating Model'!F18 -> 0.56020482 | F47: ='Operating Model'!G18 -> 0.37827096 | G47: ='Operating Model'!H18 -> 0.37907516 | H47: ='Operating Model'!I18 -> 0.28960966 | I47: ='Operating Model'!J18 -> 0.19746637
B49: EBIT | D49: ='Operating Model'!E34 -> 81453 | E49: ='Operating Model'!F34*50% -> 61050.274 | F49: ='Operating Model'!G34 -> 183244.07 | G49: ='Operating Model'!H34 -> 255803.3 | H49: ='Operating Model'!I34 -> 332880.84 | I49: ='Operating Model'!J34 -> 402199.34
B50: % margin | D50: ='Operating Model'!E35 -> 0.62417527 | E50: ='Operating Model'!F35 -> 0.59970197 | F50: ='Operating Model'!G35 -> 0.653 | G50: ='Operating Model'!H35 -> 0.661 | H50: ='Operating Model'!I35 -> 0.667 | I50: ='Operating Model'!J35 -> 0.673
B52: EBITDA | D52: ='Operating Model'!E37 -> 83317 | E52: ='Operating Model'!F37*50% -> 62287.274 | F52: ='Operating Model'!G37 -> 186050.26 | G52: ='Operating Model'!H37 -> 259673.24 | H52: ='Operating Model'!I37 -> 337871.56 | I52: ='Operating Model'!J37 -> 408175.55
B53: % margin | D53: ='Operating Model'!E38 -> 0.63845912 | E53: ='Operating Model'!F38 -> 0.61185312 | F53: ='Operating Model'!G38 -> 0.663 | G53: ='Operating Model'!H38 -> 0.671 | H53: ='Operating Model'!I38 -> 0.677 | I53: ='Operating Model'!J38 -> 0.683
B55: Interest Expense | D55: 0 | E55: =-E114 -> -42700.787 | F55: =-F114 -> -78316.115 | G55: =-G114 -> -69831.888 | H55: =-H114 -> -56908.591 | I55: =-I114 -> -47027.8
B56: Interest Income | E56: =E116 -> 35 | F56: =F116 -> 70 | G56: =G116 -> 70 | H56: =H116 -> 70 | I56: =I116 -> 3720.4392
B57: Other | D57: ='Operating Model'!E42 -> 1034 | E57: ='Operating Model'!F42 -> 0 | F57: ='Operating Model'!G42 -> 0 | G57: ='Operating Model'!H42 -> 0 | H57: ='Operating Model'!I42 -> 0 | I57: ='Operating Model'!J42 -> 0
B59: Earnings Before Taxes | D59: =D49+D55+D56+D57 -> 82487 | E59: =E49+E55+E56+E57 -> 18384.488 | F59: =F49+F55+F56+F57 -> 104997.96 | G59: =G49+G55+G56+G57 -> 186041.41 | H59: =H49+H55+H56+H57 -> 276042.25 | I59: =I49+I55+I56+I57 -> 358891.98
B61: Taxes | D61: ='Operating Model'!E46 -> -11146 | E61: =-E59*E62 -> -3051.825 | F61: =-F59*F62 -> -17324.663 | G61: =-G59*G62 -> -30696.833 | H61: =-H59*H62 -> -45546.971 | I61: =-I59*I62 -> -59217.176
B62: % tax rate | D62: ='Operating Model'!E47 -> 0.13264942 | E62: ='Operating Model'!F47 -> 0.166 | F62: ='Operating Model'!G47 -> 0.165 | G62: ='Operating Model'!H47 -> 0.165 | H62: ='Operating Model'!I47 -> 0.165 | I62: ='Operating Model'!J47 -> 0.165
B64: Net Income | D64: =D59+D61 -> 71341 | E64: =E59+E61 -> 15332.663 | F64: =F59+F61 -> 87673.293 | G64: =G59+G61 -> 155344.58 | H64: =H59+H61 -> 230495.28 | I64: =I59+I61 -> 299674.8
B66: CASH FLOW STATEMENT
B67: $MM, unless otherwise noted | D67: 45683 | E67: 46052 | F67: 46417 | G67: 46782 | H67: 47148 | I67: 47513
B69: Net Income | D69: =D64 -> 71341 | E69: =E64 -> 15332.663 | F69: =F64 -> 87673.293 | G69: =G64 -> 155344.58 | H69: =H64 -> 230495.28 | I69: =I64 -> 299674.8
B70: D&A | D70: ='Operating Model'!E64 -> 1864 | E70: ='Operating Model'!F64*50% -> 1237 | F70: ='Operating Model'!G64 -> 2806.1879 | G70: ='Operating Model'!H64 -> 3869.944 | H70: ='Operating Model'!I64 -> 4990.7172 | I70: ='Operating Model'!J64 -> 5976.216
B71: Stock-Based Compensation | D71: ='Operating Model'!E62 -> 4737 | E71: ='Operating Model'!F62*50% -> 3423.5984 | F71: ='Operating Model'!G62 -> 7576.7074 | G71: ='Operating Model'!H62 -> 9287.8657 | H71: ='Operating Model'!I62 -> 10979.578 | I71: ='Operating Model'!J62 -> 11952.432
B72: Change in Net Working Capital | D72: ='Operating Model'!E66 -> -10900 | E72: ='Operating Model'!F66*50% -> -5796 | F72: ='Operating Model'!G66 -> -14462.324 | G72: ='Operating Model'!H66 -> -21286.004 | H72: ='Operating Model'!I66 -> -29461.587 | I72: ='Operating Model'!J66 -> -40848.965
B73: Other Cash Flow Items | D73: ='Operating Model'!E68 -> -4492 | E73: ='Operating Model'!F68*50% -> 0 | F73: ='Operating Model'!G68 -> 0 | G73: ='Operating Model'!H68 -> 0 | H73: ='Operating Model'!I68 -> 0 | I73: ='Operating Model'!J68 -> 0
B74: Capital Expenditures | D74: ='Operating Model'!E72 -> -3236 | E74: ='Operating Model'!F72*50% -> -2413.5 | F74: ='Operating Model'!G72 -> -5331.757 | G74: ='Operating Model'!H72 -> -6578.9049 | H74: ='Operating Model'!I72 -> -7985.1476 | I74: ='Operating Model'!J72 -> -9561.9456
B76: Levered Free Cash Flow | D76: =SUM(D69:D74) -> 59314 | E76: =SUM(E69:E74) -> 11783.761 | F76: =SUM(F69:F74) -> 78262.107 | G76: =SUM(G69:G74) -> 140637.48 | H76: =SUM(H69:H74) -> 209018.84 | I76: =SUM(I69:I74) -> 267192.54
B78: DEBT PAYDOWN SCHEDULE
B79: $MM, unless otherwise noted | D79: 45683 | E79: 46052 | F79: 46417 | G79: 46782 | H79: 47148 | I79: 47513
B81: Beginning Cash Balance | E81: =C37 -> 2000 | F81: =E115 -> 2000 | G81: =F115 -> 2000 | H81: =G115 -> 2000 | I81: =H115 -> 2000
B82: Less: Minimum Cash | E82: -2000 | F82: =E82 -> -2000 | G82: =F82 -> -2000 | H82: =G82 -> -2000 | I82: =H82 -> -2000
B83: Plus: Cash Generated During the Period | E83: =E76 -> 11783.761 | F83: =F76 -> 78262.107 | G83: =G76 -> 140637.48 | H83: =H76 -> 209018.84 | I83: =I76 -> 267192.54
B84: Cash Available for Debt Paydown | E84: =SUM(E81:E83) -> 11783.761 | F84: =SUM(F81:F83) -> 78262.107 | G84: =SUM(G81:G83) -> 140637.48 | H84: =SUM(H81:H83) -> 209018.84 | I84: =SUM(I81:I83) -> 267192.54
B86: SOFR Forward Curve | E86: 0.04234 | F86: 0.0348 | G86: 0.03392 | H86: 0.03392 | I86: 0.03427
B88: Revolving Credit Facility | K88: Maturity: | L88: 47514
B89: Beginning Balance | E89: =D91 -> 0 | F89: =E91 -> 0 | G89: =F91 -> 0 | H89: =G91 -> 0 | I89: =H91 -> 0 | K89: Size: | L89: 1000
B90: Increase / (Decrease) | E90: =-MIN(E89,E84) -> 0 | F90: =-MIN(F89,F84) -> 0 | G90: =-MIN(G89,G84) -> 0 | H90: =-MIN(H89,H84) -> 0 | I90: =-MIN(I89,I84) -> 0
B91: Ending Balance | D91: 0 | E91: =E89+E90 -> 0 | F91: =F89+F90 -> 0 | G91: =G89+G90 -> 0 | H91: =H89+H90 -> 0 | I91: =I89+I90 -> 0
B93: Interest Expense | D93: =IF(Control!$C$4="Off", LBO!D91*(LBO!E86+LBO!L93),0) -> 0 | E93: =IF(Control!$C$4="Off", AVERAGE(LBO!E89,LBO!E91)*(LBO!E86+LBO!L93),0) -> 0 | F93: =IF(Control!$C$4="Off", AVERAGE(LBO!F89,LBO!F91)*(LBO!F86+LBO!M93),0) -> 0 | G93: =IF(Control!$C$4="Off", AVERAGE(LBO!G89,LBO!G91)*(LBO!G86+LBO!N93),0) -> 0 | H93: =IF(Control!$C$4="Off", AVERAGE(LBO!H89,LBO!H91)*(LBO!H86+LBO!O93),0) -> 0 | I93: =IF(Control!$C$4="Off", AVERAGE(LBO!I89,LBO!I91)*(LBO!I86+LBO!P93),0) -> 0 | K93: Rate: | L93: =I7 -> 0.04
B94: Commitment Fee | D94: =IF(Control!$C$4="Off",(LBO!$L$89-LBO!D91)*$L$94,0) -> 5 | E94: =IF(Control!$C$4="Off",(LBO!$L$89-AVERAGE(LBO!E91,LBO!E89))*$L$94,0) -> 5 | F94: =IF(Control!$C$4="Off",(LBO!$L$89-AVERAGE(LBO!F91,LBO!F89))*$L$94,0) -> 5 | G94: =IF(Control!$C$4="Off",(LBO!$L$89-AVERAGE(LBO!G91,LBO!G89))*$L$94,0) -> 5 | H94: =IF(Control!$C$4="Off",(LBO!$L$89-AVERAGE(LBO!H91,LBO!H89))*$L$94,0) -> 5 | I94: =IF(Control!$C$4="Off",(LBO!$L$89-AVERAGE(LBO!I91,LBO!I89))*$L$94,0) -> 5 | K94: Rate: | L94: 0.005
B96: Check if within acceptable limits | E96: =IF(E$91>$L$89,"Problem","Ok") -> Ok | F96: =IF(F$91>$L$89,"Problem","Ok") -> Ok | G96: =IF(G$91>$L$89,"Problem","Ok") -> Ok | H96: =IF(H$91>$L$89,"Problem","Ok") -> Ok | I96: =IF(I$91>$L$89,"Problem","Ok") -> Ok
B98: Bank Debt (Term Loan B) | K98: Maturity: | L98: 47514
B99: Beginning Balance | E99: =D102 -> 498298.2 | F99: =E102 -> 486514.43 | G99: =F102 -> 408252.33 | H99: =G102 -> 267614.85 | I99: =H102 -> 58596.011
B100: Mandatory Paydown | E100: =IF(E$99>0,-$L$100*E$99,0)*50% -> -2491.491 | F100: =IF(F$99>0,-$L$100*F$99,0) -> -4865.1443 | G100: =IF(G$99>0,-$L$100*G$99,0) -> -4082.5233 | H100: =IF(H$99>0,-$L$100*H$99,0) -> -2676.1485 | I100: =IF(I$99>0,-$L$100*I$99,0) -> -585.96011 | K100: Amortization: | L100: 0.01
B101: Optional Paydown | E101: =-IF(MIN((E84+E90+E100),(E99+E100))>0,MIN((E84+E100+E90),(E99+E100)),0) -> -9292.2701 | F101: =-IF(MIN((F84+F90+F100),(F99+F100))>0,MIN((F84+F100+F90),(F99+F100)),0) -> -73396.963 | G101: =-IF(MIN((G84+G90+G100),(G99+G100))>0,MIN((G84+G100+G90),(G99+G100)),0) -> -136554.96 | H101: =-IF(MIN((H84+H90+H100),(H99+H100))>0,MIN((H84+H100+H90),(H99+H100)),0) -> -206342.69 | I101: =-IF(MIN((I84+I90+I100),(I99+I100))>0,MIN((I84+I100+I90),(I99+I100)),0) -> -58010.05
B102: Ending Balance | D102: =C28 -> 498298.2 | E102: =SUM(E99:E101) -> 486514.43 | F102: =SUM(F99:F101) -> 408252.33 | G102: =SUM(G99:G101) -> 267614.85 | H102: =SUM(H99:H101) -> 58596.011 | I102: =SUM(I99:I101) -> 0
B104: Interest Expense | D104: =IF(Control!$C$4="Off", LBO!D102*(LBO!E$86+LBO!$L$104),0) -> 41029.873 | E104: =IF(Control!$C$4="Off", AVERAGE(LBO!E99,LBO!E102)*(LBO!E$86+LBO!$L$104),0)*50% -> 20272.368 | F104: =IF(Control!$C$4="Off", AVERAGE(LBO!F99,LBO!F102)*(LBO!F$86+LBO!$L$104),0) -> 33464.277 | G104: =IF(Control!$C$4="Off", AVERAGE(LBO!G99,LBO!G102)*(LBO!G$86+LBO!$L$104),0) -> 24980.051 | H104: =IF(Control!$C$4="Off", AVERAGE(LBO!H99,LBO!H102)*(LBO!H$86+LBO!$L$104),0) -> 12056.753 | I104: =IF(Control!$C$4="Off", AVERAGE(LBO!I99,LBO!I102)*(LBO!I$86+LBO!$L$104),0) -> 2175.9629 | K104: Rate: | L104: =I7 -> 0.04
B106: Bonds (Senior Notes) | K106: Maturity: | L106: 48244
B107: Beginning Balance | E107: =D109 -> 373723.65 | F107: =E109 -> 373723.65 | G107: =F109 -> 373723.65 | H107: =G109 -> 373723.65 | I107: =H109 -> 373723.65
B108: Optional Paydown | E108: 0 | F108: 0 | G108: 0 | H108: 0 | I108: 0
B109: Ending Balance | D109: =LBO!C29 -> 373723.65 | E109: =E107+E108 -> 373723.65 | F109: =F107+F108 -> 373723.65 | G109: =G107+G108 -> 373723.65 | H109: =H107+H108 -> 373723.65 | I109: =I107+I108 -> 373723.65
B111: Interest Expense | D111: =IF(Control!$C$4="Off", LBO!D109*(LBO!$L$111),0) -> 44846.838 | E111: =IF(Control!$C$4="Off", AVERAGE(LBO!E107,LBO!E109)*(LBO!$L$111),0)*50% -> 22423.419 | F111: =IF(Control!$C$4="Off", AVERAGE(LBO!F107,LBO!F109)*(LBO!$L$111),0) -> 44846.838 | G111: =IF(Control!$C$4="Off", AVERAGE(LBO!G107,LBO!G109)*(LBO!$L$111),0) -> 44846.838 | H111: =IF(Control!$C$4="Off", AVERAGE(LBO!H107,LBO!H109)*(LBO!$L$111),0) -> 44846.838 | I111: =IF(Control!$C$4="Off", AVERAGE(LBO!I107,LBO!I109)*(LBO!$L$111),0) -> 44846.838 | K111: Rate: | L111: 0.12
B113: Total Debt | D113: =D102+D109+D91 -> 872021.84 | E113: =E102+E109+E91 -> 860238.08 | F113: =F102+F109+F91 -> 781975.97 | G113: =G102+G109+G91 -> 641338.49 | H113: =H102+H109+H91 -> 432319.66 | I113: =I102+I109+I91 -> 373723.65
B114: Total Interest Expense | D114: =D93+D94+D104+D111 -> 85881.711 | E114: =E93+E94+E104+E111 -> 42700.787 | F114: =F93+F94+F104+F111 -> 78316.115 | G114: =G93+G94+G104+G111 -> 69831.888 | H114: =H93+H94+H104+H111 -> 56908.591 | I114: =I93+I94+I104+I111 -> 47027.8
B115: Total Cash | E115: =E84+E90+E100+E101+E108-E82 -> 2000 | F115: =F84+F90+F100+F101+F108-F82 -> 2000 | G115: =G84+G90+G100+G101+G108-G82 -> 2000 | H115: =H84+H90+H100+H101+H108-H82 -> 2000 | I115: =I84+I90+I100+I101+I108-I82 -> 210596.53
B116: Interest Income on Cash | E116: =IF(Control!$C$4="Off",AVERAGE(LBO!E115,LBO!E81)*LBO!$L$116,0)*50% -> 35 | F116: =IF(Control!$C$4="Off",AVERAGE(LBO!F115,LBO!F81)*LBO!$L$116,0) -> 70 | G116: =IF(Control!$C$4="Off",AVERAGE(LBO!G115,LBO!G81)*LBO!$L$116,0) -> 70 | H116: =IF(Control!$C$4="Off",AVERAGE(LBO!H115,LBO!H81)*LBO!$L$116,0) -> 70 | I116: =IF(Control!$C$4="Off",AVERAGE(LBO!I115,LBO!I81)*LBO!$L$116,0) -> 3720.4392 | K116: Rate: | L116: 0.035
B118: CREDIT STATISTICS
D119: At Entry | E119: 46052 | F119: 46417 | G119: 46782 | H119: 47148 | I119: 47513
B120: Senior Debt / EBITDA | D120: =(D91+D102)/(E52*2) -> 4 | E120: =(E91+E102)/(E52*2) -> 3.905408 | F120: =(F91+F102)/F52 -> 2.1943121 | G120: =(G91+G102)/G52 -> 1.0305831 | H120: =(H91+H102)/H52 -> 0.17342688 | I120: =(I91+I102)/I52 -> 0
B121: Total Debt / EBITDA | D121: =D113/(E52*2) -> 7 | E121: =E113/(E52*2) -> 6.905408 | F121: =F113/F52 -> 4.2030362 | G121: =G113/G52 -> 2.4697904 | H121: =H113/H52 -> 1.2795385 | I121: =I113/I52 -> 0.91559537
B122: EBITDA / Cash Interest Expense | D122: =E52*2/D114 -> 1.4505364 | E122: =E52*2/E114 -> 2.917383 | F122: =F52/F114 -> 2.3756319 | G122: =G52/G114 -> 3.7185482 | H122: =H52/H114 -> 5.9370923 | I122: =I52/I114 -> 8.6794524
B123: (EBITDA - CAPEX) / Cash Interest Expense | D123: =(E52+E74)*2/D114 -> 1.3943312 | E123: =(E52+E74)*2/E114 -> 2.8043406 | F123: =(F52+F74)/F114 -> 2.3075519 | G123: =(G52+G74)/G114 -> 3.6243376 | H123: =(H52+H74)/H114 -> 5.796777 | I123: =(I52+I74)/I114 -> 8.476127
B124: Levered Free Cash Flow / Total Debt | D124: =E76*2/D113 -> 0.027026298 | E124: =E76*2/E113 -> 0.027396511 | F124: =F76/F113 -> 0.1000825 | G124: =G76/G113 -> 0.21928745 | H124: =H76/H113 -> 0.48348215 | I124: =I76/I113 -> 0.71494683
B126: SPONSOR RETURNS
E127: =I27 -> 45870 | F127: 46417 | G127: 46782 | H127: 47148 | I127: 47513
B128: Initial Investment | E128: =-LBO!C31 -> -3566113.6
B129: Proceeds (Sale or Dividends) | I129: =I35 -> 5551330.6
B130: Total Investment | E130: =SUM(E128:E129) -> -3566113.6 | F130: =SUM(F128:F129) -> 0 | G130: =SUM(G128:G129) -> 0 | H130: =SUM(H128:H129) -> 0 | I130: =SUM(I128:I129) -> 5551330.6
B132: Internal Rate of Return | D132: =XIRR(E130:I130,E127:I127) -> 0.1033125

Sheet Football Field
B2: Football Field
B4: Instructions:
B5: • Ensure all valuation ranges below (starting in row 39) are selected correctly based on the supporting tabs in the spreadsheet
B6: • Label the football field appropriately to guide the reader through each valuation methodology
B7: • Put the football field in a powerpoint slide that has all of the supporting footnotes required to understand each bar
C38: Low | D38: Difference | E38: High
B39: Management Case | C39: =LBO!M15 -> 119.48622 | D39: =E39-C39 -> 37.58913 | E39: =LBO!P15 -> 157.07535
B40: Street Case | C40: =LBO!M14 -> 79.71801 | D40: =E40-C40 -> 19.24854 | E40: =LBO!P14 -> 98.96655
B43: Management Case | C43: =MIN(DCF!L41,DCF!P41) -> 158.56099 | D43: =E43-C43 -> 66.388624 | E43: =MAX(DCF!M41,DCF!Q41) -> 224.94961
B44: Street Case | C44: =MIN(DCF!L40,DCF!P40) -> 98.479445 | D44: =E44-C44 -> 39.607207 | E44: =MAX(DCF!M40,DCF!Q40) -> 138.08665
B47: NTM EBITDA Multiple (Management Case) | C47: =IF(Control!$C$5="Management",Ppaids!C$12,'Football Field'!C47) -> 197.68776 | D47: =E47-C47 -> 32.620861 | E47: =IF(Control!$C$5="Management",Ppaids!D12,'Football Field'!E47) -> 230.30862
B48: NTM EBITDA Multiple (Street Case) | C48: =IF(Control!$C$5="Street",Ppaids!C$12,'Football Field'!C48) -> 184.16321 | D48: =E48-C48 -> 30.366769 | E48: =IF(Control!$C$5="Street",Ppaids!D$12,'Football Field'!E48) -> 214.52998
B51: NTM EBITDA Multiple (Management Case) | C51: =IF(Control!$C$5="Management",Comps!C$22,'Football Field'!C51) -> 171.59107 | D51: =E51-C51 -> 26.096688 | E51: =IF(Control!$C$5="Management",Comps!D$22,'Football Field'!E51) -> 197.68776
B52: NTM EBITDA Multiple (Street Case) | C52: =IF(Control!$C$5="Street",Comps!C$22,'Football Field'!C52) -> 159.8698 | D52: =E52-C52 -> 24.293415 | E52: =IF(Control!$C$5="Street",Comps!D$22,'Football Field'!E52) -> 184.16321
B53: NTM Revenue Multiple (Management Case) | C53: =IF(Control!$C$5="Management",Comps!C$12,'Football Field'!C53) -> 173.24887 | D53: =E53-C53 -> 30.226989 | E53: =IF(Control!$C$5="Management",Comps!D$12,'Football Field'!E53) -> 203.47586
B54: NTM Revenue Multiple (Street Case) | C54: =IF(Control!$C$5="Street",Comps!C$12,'Football Field'!C54) -> 165.27783 | D54: =E54-C54 -> 28.820335 | E54: =IF(Control!$C$5="Street",Comps!D$12,'Football Field'!E54) -> 194.09817
B57: Analyst Price Targets (Discounted) | C57: =100/(1+DCF!$C$33) -> 90.253011 | D57: =E57-C57 -> 135.37952 | E57: =250/(1+DCF!$C$33) -> 225.63253
B59: Last 1 Month | C59: ='Stock Trading'!D7 -> 164.07 | D59: =E59-C59 -> 19.09 | E59: ='Stock Trading'!F7 -> 183.16
B60: Last 3 Months | C60: ='Stock Trading'!D8 -> 131.29 | D60: =E60-C60 -> 51.87 | E60: ='Stock Trading'!F8 -> 183.16
B61: Last 6 Months | C61: ='Stock Trading'!D9 -> 94.31 | D61: =E61-C61 -> 88.85 | E61: ='Stock Trading'!F9 -> 183.16
B62: Last 12 Months | C62: ='Stock Trading'!D10 -> 94.31 | D62: =E62-C62 -> 88.85 | E62: ='Stock Trading'!F10 -> 183.16
